 Dungeon Crawl Stone Soup version 0.23.2-40-g277498a001 (webtiles) character file.

Game seed: 14135983248524755953

1644265 Amplified the Invulnerable (level 27, -19/354 HPs)
             Began as a Minotaur Fighter on Oct 7, 2019.
             Was the Champion of Makhleb.
             Demolished by Vemm the pandemonium lord (25 damage)
             ... while paralysed by Vemm
             ... on level 25 of a ziggurat on Oct 9, 2019.
             The game lasted 05:42:34 (131240 turns).

Amplified the Invulnerable (Minotaur Fighter)     Turns: 131240, Time: 05:42:34

Health: -19/354    AC: 37    Str: 45      XL:     27
Magic:  38/52      EV:  2    Int: 15 (19) God:    Makhleb [******]
Gold:   9806       SH:  0    Dex: 17      Spells: 1/79 levels left

rFire    + + +     SeeInvis +   q - +10 zealot's sword {holy, *Rage rN+ EV+3}
rCold    + + +     Gourm    .   n - +4 large shield "Zizutaiq" {rPois rC+++ Int+3 Dex-2}
rNeg     + + +     Faith    .   (armour currently unavailable)
rPois    ∞         Spirit   .   J - +2 hat of Zoto {rF+}
rElec    +         Reflect  .   z - +1 cloak of Trog's Righteous Anger {rPois rF+ Str+7}
rCorr    .         Harm     .   (gloves currently unavailable)
MR       +....     Rnd*Rage +   (boots currently unavailable)
Stlth    +++.......             L - amulet "Ufuod" {Acrobat *Contam rElec Str+9}
HPRegen  0.69/turn              I - ring of Saneaxke {rElec rF+ Str+4 Int+3 SInv}
MPRegen  0.33/turn              W - ring "Mefri" {rN+ Dex+6 Slay+5}

@: paralysed, statue-form, vulnerable, hasted, studying Axes, silenced, deflect
missiles
A: retaliatory headbutt, fangs 1, horns 2, camouflage 1, cold resistance 1,
deterioration 1, strong 1, wild magic 1, evolution 1, no potion heal 1
}: 15/15 runes: decaying, serpentine, slimy, silver, golden, iron, obsidian,
icy, bone, abyssal, demonic, glowing, magical, fiery, dark
a: End Transformation, Renounce Religion


You were on level 25 of a ziggurat.
You worshipped Makhleb.
Makhleb was exalted by your worship.
You were full.
You were a stone statue.
You visited 18 branches of the dungeon, and saw 90 of its levels.
You visited Pandemonium 4 times, and saw 27 of its levels.
You visited the Abyss 12 times.
You visited 1 ziggurat, and saw 25 of its levels.
You also visited: Ice Cave.

You collected 20615 gold pieces.
You spent 10809 gold pieces at shops.

Inventory:

Hand Weapons
 k - a +9 eveningstar of draining
 q - the +10 zealot's sword (weapon) {holy, *Rage rN+ EV+3}
   (You found it on level 4 of the Depths)

   It has been blessed by the Shining One to cause great damage to the undead
   and demons.
   It affects your evasion (+3).
   It protects you from negative energy.
   It may make you go berserk in combat.
Missiles
 d - 4 throwing nets (quivered)
Armour
 b - the +0 mask of the Dragon {MR+ Slay+3 SInv}
   (You found it on level 4 of the Realm of Zot)

   It affects your accuracy and damage with ranged weapons and melee attacks
   (+3).
   It affects your resistance to hostile enchantments.
   It lets you see invisible.
 j - the +2 shield of Resistance {rF+ rC+ MR+}
   (You bought it in a shop on level 2 of the Orcish Mines)

   It protects you from fire.
   It protects you from cold.
   It affects your resistance to hostile enchantments.
 n - the +4 large shield "Zizutaiq" (worn) {rPois rC+++ Int+3 Dex-2}
   (You found it on level 4 of the Depths)

   It affects your intelligence (+3).
   It affects your dexterity (-2).
   It renders you almost immune to cold.
   It protects you from poison.
 o - the +0 pair of boots "Akyos" {*Drain rN+++ Int+5}
   (You found it on level 20 of a ziggurat)

   It affects your intelligence (+5).
   It renders you almost immune to negative energy.
   It causes draining when unequipped.
 p - +10 pearl dragon scales
 w - a +2 pair of boots of running (melded)
 z - the +1 cloak of Trog's Righteous Anger (worn) {rPois rF+ Str+7}
   (You bought it in a shop on level 4 of the Depths)

   It affects your strength (+7).
   It protects you from fire.
   It protects you from poison.
 B - the +4 ring mail of the Elven Halls {+Inv rCorr Dex+3 Stlth+}
   (You bought it in a shop on level 3 of the Depths)

   It affects your dexterity (+3).
   It lets you turn invisible.
   It provides partial protection from all sources of acid and corrosion.
   It makes you more stealthy.
 E - the +8 orange crystal plate armour (melded) {Archmagi, Int+3 Clar}
   (You bought it in a shop on level 2 of the Orcish Mines)

   It affects your intelligence (+3).
   It protects you against confusion.
 H - the +9 ice dragon scales of Huady {rElec rF- rC++ rN+++ Int-2 Stlth+}
   (You found it on level 22 of a ziggurat)

   It affects your intelligence (-2).
   It makes you vulnerable to fire.
   It greatly protects you from cold.
   It insulates you from electricity.
   It renders you almost immune to negative energy.
   It makes you more stealthy.
 J - the +2 hat of Zoto (worn) {rF+}
   (You found it on level 13 of the Dungeon)

   It protects you from fire.
 N - the +1 pair of gloves of Dogma (melded) {Str+4}
   (You found it on level 3 of the Tomb of the Ancients)

   It affects your strength (+4).
 T - the +0 cloak "Ytate" {rPois rCorr Str+9 Stlth-}
   (You found it in Pandemonium)

   It affects your strength (+9).
   It protects you from poison.
   It provides partial protection from all sources of acid and corrosion.
   It makes you less stealthy.
Jewellery
 c - the ring of Xukh {rF+ MR+}
   (You took it off a deep elf mage on level 3 of the Elven Halls)

   [ring of protection from fire]

   It protects you from fire.
   It affects your resistance to hostile enchantments.
 i - an uncursed ring of resist corrosion
 I - the ring of Saneaxke (left hand) {rElec rF+ Str+4 Int+3 SInv}
   (You found it on level 7 of Tartarus)

   [ring of see invisible]

   It affects your strength (+4).
   It affects your intelligence (+3).
   It protects you from fire.
   It insulates you from electricity.
   It lets you see invisible.
 L - the amulet "Ufuod" (around neck) {Acrobat *Contam rElec Str+9}
   (You took it off a deep elf elementalist on level 3 of the Elven Halls)

   [amulet of the acrobat]

   It helps you evade while moving and waiting.
   It affects your strength (+9).
   It insulates you from electricity.
   It causes magical contamination when unequipped.
 O - the ring "Boff" {rF++ Dex+4}
   (You found it on level 13 of a ziggurat)

   [ring of dexterity]

   It affects your dexterity (+4).
   It greatly protects you from fire.
 W - the ring "Mefri" (right hand) {rN+ Dex+6 Slay+5}
   (You took it off an ancient champion on level 3 of the Crypt)

   [ring of positive energy]

   It affects your dexterity (+6).
   It affects your accuracy and damage with ranged weapons and melee attacks
   (+5).
   It protects you from negative energy.
 Y - the ring of Syhotz {rC+ MP+9 Slay+3 SInv}
   (You found it on level 6 of the Lair of Beasts)

   [ring of magical power]

   It affects your accuracy and damage with ranged weapons and melee attacks
   (+3).
   It protects you from cold.
   It affects your magic capacity (+9).
   It lets you see invisible.
Wands
 l - a wand of clouds (5)
 m - a wand of digging (21)
 Q - a wand of acid (96)
 S - a wand of scattershot (6)
Scrolls
 a - 9 scrolls of fog
 e - 16 scrolls of amnesia
 h - 20 scrolls of fear
 r - 39 scrolls of teleportation
 s - 3 scrolls of silence
 v - 62 scrolls of remove curse
 P - a scroll of summoning
 R - 3 scrolls of identify
Potions
 g - 9 potions of flight
 t - 17 potions of heal wounds
 u - 6 potions of might
 x - 50 potions of curing
 A - 9 potions of brilliance
 C - 2 potions of haste
 G - 5 potions of cancellation
 K - 4 potions of magic
 M - 10 potions of mutation
 V - 9 potions of ambrosia
 X - 6 potions of resistance
 Z - a potion of invisibility
Books
 F - a manual of Axes
Miscellaneous
 y - 14 phantom mirrors
 D - a figurine of a ziggurat
 U - a lamp of fire
Comestibles
 f - 74 rations


   Skills:
 O Level 27 Fighting
 - Level 12.3 Long Blades
 - Level 17.3 Maces & Flails
   Level 14.9(19.7) Slings
 - Level 19.8(21.1) Throwing
 O Level 27 Armour
 O Level 27 Dodging
 O Level 27 Shields
 * Level 26.5 Spellcasting
 - Level 21.7 Conjurations
 - Level 12.8 Hexes
 - Level 11.6 Charms
 - Level 8.9 Summonings
 * Level 13.3 Necromancy
 - Level 8.4 Translocations
 * Level 13.3 Transmutations
 - Level 20.5 Fire Magic
 - Level 13.3 Air Magic
 - Level 16.3 Earth Magic
   Level 9.4 Poison Magic
 - Level 18.5 Invocations


You had one spell level left.
You knew the following spells:

 Your Spells              Type           Power        Failure   Level  Hunger
a - Controlled Blink      Tloc           N/A          99%         8    #######
b - Apportation           Tloc           ######       1%          1    None
c - Passwall              Tmut/Erth      ######..     1%          2    None
d - Sublimation of Blood  Necr           ######....   1%          2    None
e - Spectral Weapon       Hex/Chrm       ######..     1%          3    None
f - Regeneration          Chrm/Necr      ######....   1%          3    None
g - Silence               Hex/Air        ######....   1%          5    #......
h - Deflect Missiles      Chrm/Air       ######....   3%          6    ####...
i - Aura of Abjuration    Summ           ######....   2%          5    #......
j - Darkness              Hex            ######....   2%          6    ####...
k - Statue Form           Tmut/Erth      ######...    1%          6    ####...
l - Necromutation         Tmut/Necr      ######....   54%         8    #######
m - Iron Shot             Conj/Erth      #######...   1%          6    ####...
n - Ignition              Fire           #######...   4%          8    #######
p - Fire Storm            Conj/Fire      #######...   41%         9    #######

Your spell library contained the following spells:

 Spells                   Type           Power        Failure   Level  Hunger
 Animate Skeleton         Necr           N/A          1%          1    None
 Beastly Appendage        Tmut           ######       1%          1    None
 Confusing Touch          Hex            ######       1%          1    None
 Corona                   Hex            ######.      1%          1    None
 Flame Tongue             Conj/Fire      #####        1%          1    None
 Infusion                 Chrm           ####         1%          1    None
 Magic Dart               Conj           ####         1%          1    None
 Pain                     Necr           ####         1%          1    None
 Sandblast                Erth           ######       1%          1    None
 Shock                    Conj/Air       ####         1%          1    None
 Sting                    Conj/Pois      ####         1%          1    None
 Summon Butterflies       Summ           ######..     1%          1    None
 Summon Small Mammal      Summ           ####         1%          1    None
 Freeze                   Ice            ####         3%          1    None
 Blink                    Tloc           N/A          1%          2    None
 Call Imp                 Summ           ######..     1%          2    None
 Corpse Rot               Necr           N/A          1%          2    None
 Ensorcelled Hibernation  Hex/Ice        ######       1%          2    None
 Poisonous Vapours        Pois/Air       ######       1%          2    None
 Searing Ray              Conj           ######       1%          2    None
 Shroud of Golubria       Chrm/Tloc      ######....   1%          2    None
 Slow                     Hex            ######..     1%          2    None
 Song of Slaying          Chrm           ######..     1%          2    None
 Sticks to Snakes         Tmut           ######..     1%          2    None
 Swiftness                Chrm/Air       ######..     1%          2    None
 Throw Flame              Conj/Fire      ######       1%          2    None
 Throw Frost              Conj/Ice       ######       1%          2    None
 Call Canine Familiar     Summ           ######..     1%          3    None
 Confuse                  Hex            ######..     1%          3    None
 Conjure Flame            Conj/Fire      #######.     1%          3    None
 Dazzling Spray           Conj/Hex       ######       1%          3    None
 Gell's Gravitas          Tloc           ######....   1%          3    None
 Ignite Poison            Fire/Tmut/Pois ######..     1%          3    None
 Inner Flame              Hex/Fire       ######..     1%          3    None
 Lesser Beckoning         Tloc           ######....   1%          3    None
 Mephitic Cloud           Conj/Pois/Air  ######..     1%          3    None
 Ozocubu's Armour         Chrm/Ice       #####...     1%          3    None
 Portal Projectile        Hex/Tloc       ######       1%          3    None
 Recall                   Summ/Tloc      N/A          1%          3    None
 Spider Form              Tmut/Pois      ######....   1%          3    None
 Static Discharge         Conj/Air       #######.     1%          3    None
 Stone Arrow              Conj/Erth      ######       1%          3    None
 Summon Guardian Golem    Hex/Summ       ######..     1%          3    None
 Teleport Other           Tloc           ######..     1%          3    None
 Tukima's Dance           Hex            ######..     1%          3    None
 Vampiric Draining        Necr           ######....   1%          3    None
 Airstrike                Air            ######....   1%          4    None
 Animate Dead             Necr           N/A          1%          4    None
 Cause Fear               Hex            ######....   1%          4    None
 Force Lance              Conj/Tloc      ######..     1%          4    None
 Fulminant Prism          Conj/Hex       #######...   1%          4    None
 Iskenderun's Mystic Bla  Conj           #######.     1%          4    None
 Leda's Liquefaction      Hex/Erth       ######....   1%          4    None
 Olgreb's Toxic Radiance  Pois           ######..     1%          4    None
 Passage of Golubria      Tloc           N/A          1%          4    None
 Petrify                  Tmut/Erth      ######..     1%          4    None
 Sticky Flame             Conj/Fire      #######.     1%          4    None
 Summon Lightning Spire   Summ/Air       ######..     1%          4    None
 Throw Icicle             Conj/Ice       ######..     1%          4    None
 Agony                    Necr           ######..     1%          5    #......
 Alistair's Intoxication  Tmut/Pois      ######..     1%          5    #......
 Blade Hands              Tmut           ######....   1%          5    #......
 Bolt of Draining         Conj/Necr      #######...   1%          5    #......
 Bolt of Magma            Conj/Fire/Erth #######...   1%          5    #......
 Borgnjor's Vile Clutch   Necr/Erth      ######....   1%          5    #......
 Dispel Undead            Necr           ######..     1%          5    #......
 Excruciating Wounds      Chrm/Necr      ######....   1%          5    #......
 Fireball                 Conj/Fire      #######...   1%          5    #......
 Irradiate                Conj/Tmut      #######...   1%          5    #......
 Iskenderun's Battlesphe  Conj/Chrm      ######..     1%          5    #......
 Lee's Rapid Deconstruct  Erth           ######....   1%          5    #......
 Lightning Bolt           Conj/Air       #######...   1%          5    #......
 Summon Mana Viper        Hex/Summ       ######..     1%          5    #......
 Venom Bolt               Conj/Pois      ######....   1%          5    #......
 Yara's Violent Unravell  Hex/Tmut       ######....   1%          5    #......
 Bolt of Fire             Conj/Fire      #######...   1%          6    ####...
 Conjure Ball Lightning   Conj/Air       #######...   1%          6    ####...
 Poison Arrow             Conj/Pois      ######....   1%          6    ####...
 Orb of Destruction       Conj           #######...   1%          7    ######.
 Ice Form                 Ice/Tmut       ######..     2%          4    None
 Summon Demon             Summ           ######....   2%          5    #......
 Summon Forest            Summ/Tloc      ######....   2%          5    #......
 Death Channel            Necr           ######....   2%          6    ####...
 Hydra Form               Tmut           ######....   2%          6    ####...
 Invisibility             Hex            ######..     2%          6    ####...
 Ring of Flames           Chrm/Fire      ######....   3%          7    ######.
 Summon Ice Beast         Ice/Summ       #####...     4%          4    None
 Freezing Cloud           Conj/Ice/Air   ######....   4%          6    ####...
 Spellforged Servitor     Conj/Summ      ######....   4%          7    ######.
 Bolt of Cold             Conj/Ice       ######....   5%          6    ####...
 Metabolic Englaciation   Hex/Ice        ######....   6%          5    #......
 Lehudib's Crystal Spear  Conj/Erth      #######...   8%          8    #######
 Dragon Form              Tmut           ######....   10%         7    ######.
 Shadow Creatures         Summ           N/A          11%         6    ####...
 Dispersal                Tloc           ######....   13%         6    ####...
 Chain Lightning          Conj/Air       #######...   13%         8    #######
 Haunt                    Necr/Summ      ######....   22%         7    ######.
 Simulacrum               Ice/Necr       ######....   26%         6    ####...
 Monstrous Menagerie      Summ           ######....   45%         7    ######.
 Summon Greater Demon     Summ           ######....   45%         7    ######.
 Summon Hydra             Summ           ######....   45%         7    ######.
 Malign Gateway           Summ/Tloc      ######....   47%         7    ######.
 Borgnjor's Revivificati  Necr           ######....   54%         8    #######
 Infestation              Necr           ######....   54%         8    #######
 Discord                  Hex            ######....   61%         8    #######
 Death's Door             Chrm/Necr      ######....   65%         8    #######
 Shatter                  Erth           ######....   95%         9    #######
 Ozocubu's Refrigeration  Ice            ####......   97%         6    ####...
 Summon Horrible Things   Summ           ######....   98%         8    #######
 Disjunction              Tloc           ######....   99%         8    #######
 Dragon's Call            Summ           ######....   100%        9    #######
 Glaciate                 Conj/Ice       ######....   100%        9    #######
 Tornado                  Air            ######....   100%        9    #######


Dungeon Overview and Level Annotations

Branches:
Dungeon (15/15)            Temple (1/1) D:5            Lair (6/6) D:11
  Swamp (4/4) Lair:4        Snake (4/4) Lair:3        Slime (5/5) Lair:5
    Orc (2/2) D:12            Elf (3/3) Orc:2        Vaults (5/5) D:14
  Crypt (3/3) Vaults:3       Tomb (3/3) Crypt:3      Depths (5/5) D:15
   Hell (1/1)                 Dis (7/7) Hell            Geh (7/7) Hell
    Coc (7/7) Hell            Tar (7/7) Hell            Zot (5/5) Depths:5

Altars:
Ashenzari
Cheibriados
Dithmenos
Elyvilon
Fedhas
Gozag
Hepliaklqana
Kikubaaqudgha
Makhleb
Nemelex Xobeh
Okawaru
Qazlal
Ru
Sif Muna
Trog
Uskayaw
Vehumet
Wu Jian
Xom
Yredelemnul
Zin
The Shining One
Beogh
Jiyva

Shops:
D:6 (   D:13 ?   Orc:2 [[[   Snake:3 ?   Depths:3 *(!   Depths:4 (![%%
Depths:5 =}=

Portals:
Hell: Depths:1 Depths:2 Depths:3 Depths:4 Depths:5
Abyss: Depths:4
Pandemonium: Depths:1 Depths:2 Depths:3 Depths:4

Annotations:
D:14 Ziggurat
Lair:5 exclusion: oklob plant
Elf:2 3 runed translucent doors
Crypt:3 Depths, Vaults, Avoid Muts, Finish
Tomb:2 Final Push.
Depths:4 Set best compilation for endgame, MR+


Innate Abilities, Weirdness & Mutations

You reflexively headbutt those who attack you in melee.
You have a pair of horns on your head.
You have very sharp teeth.
((You are partially covered in molten scales. (AC +2)))
Your skin changes colour to match your surroundings (Stealth+).
Your flesh is cold resistant. (rC+)
Your body sometimes deteriorates upon taking damage.
Your muscles are strong. (Str +2)
Your spells are a little harder to cast, but a little more powerful.
You evolve.
Potions are less effective at restoring your health.


Message History

The iron troll convulses!
The redback convulses!
The catoblepas convulses!
The boggart convulses!
The Killer Klown convulses!
The iron troll convulses!
The frost giant convulses!
The freezing wraith hits you but does no damage. x2
Vorutrul hits you but does no damage. Syureps hits you.
* * * LOW HITPOINT WARNING * * *
Vemm gestures at you.
You barely resist.
The Brimstone Fiend calls on the powers of darkness!
The catoblepas convulses!
The Killer Klown convulses!
You feel a surge of unholy energy.
The iron troll convulses!
The redback convulses!
The boggart convulses!
The Killer Klown convulses!
The iron troll convulses!
The frost giant convulses!
The alligator snapping turtle convulses!
The Killer Klown convulses!
The hippogriff changes into a fire crab!
Irphets gestures.
The Killer Klown blinks!
The wraith hits you but does no damage. Vemm hits you!!
You die...

▓.......P..
▓............p..........
........................
...................&p...
..........§.....§....t..
.........p....343.......
..............Wp&1TC4...
.∩............WT&&&&g&..
.............1§&8&&sr&t.
..............1WW&2Yr4.4
..............*W1&&4r...
.............│..rW1.....
.............w..........
▓......................1
▓.......P...............
▓.....♣.P...............
▓▓.......♣..........


You could see Cacwun, Irphets (invisible), Istataubus, Leuceps, Liommoat, Locaew
(wandering), Napse, Puseup, Syureps, Vemm, Vorutrul, Xaximat, Xefukh, Xieppy, 4
Killer Klowns, an alligator snapping turtle, an eldritch tentacle, 2
Tzitzimimeh, a frost giant shaped shifter, 2 Brimstone Fiends, an Ice Fiend, 2
iron troll shaped shifters, a catoblepas, an Executioner (wandering), a shadow
demon, a fire crab shaped shifter, 2 phantasmal warriors, a hellwing, an ice
devil, a rust devil, a freezing wraith, a smoke demon, a phantom, a ynoxinul, 2
wraiths, 2 red devils, a redback, a boggart shaped shifter and 4 hell rats.

Vanquished Creatures
  Cerebov (Pan)
  Asmodeus (Geh:7)
  Antaeus (Coc:7)
  the Royal Jelly (Slime:5)
  Ereshkigal (Tar:7)
  Gloorx Vloq (Pan)
  A seraph (Pan)
  Mnoleg (Pan)
  the Serpent of Hell (Geh:7)
  Lom Lobon (Pan)
  Dispater (Dis:7)
  6 ancient liches
  An orb of fire (Zot:3)
  Mara (Snake:4)
  3 juggernauts (Zig:20)
  Mennas (Depths:3)
  52 greater mummies
  Sojobo (Tomb:1)
  20 shard shrikes
  Margery (Vaults:4)
  Saint Roka (Crypt:3)
  Nikola (Swamp:2)
  Geryon (Hell)
  8 golden dragons
  6 profane servitors
  2 pearl dragons (Pan)
  21 pandemonium lords (Pan)
  8 doom hounds
  41 Brimstone Fiends
  14 iron giants
  31 bone dragons
  52 Tzitzimimeh
  3 hellephants
  33 Ice Fiends
  Jorgrun (Orc:1)
  22 Hell Sentinels
  27 liches
  12 tentacled monstrosities
  Murray (Hell)
  9 titans
  6 deep elf blademasters
  17 acid blobs
  3 death cobs
  7 quicksilver dragons
  Gastronok (D:11)
  2 deep elf master archers
  13 sphinxes
  53 Executioners
  50 tentacled starspawn
  Kirke (D:13)
  41 ancient champions
  6 eldritch tentacles
  2 thorn hunters
  Donald (Snake:3)
  7 tengu reavers
  18 draconian monks
  6 nagarajas
  13 storm dragons
  4 revenants
  7 azure jellies
  19 shadow dragons
  9 draconian knights
  12 corrupters (Pan)
  Aizul (Snake:2)
  19 daevas
  6 deep elf sorcerers
  14 fire giants
  13 vault wardens
  6 ghost moths
  Louise (Elf:1)
  10 frost giants
  16 draconian scorchers
  15 iron dragons
  72 balrugs
  5 emperor scorpions
  40 cacodemons
  10 ghouls (Tar:7)
  19 ironheart preservers
  34 angels
  3 caustic shrike zombies
  10 curse skulls
  3 juggernaut zombies (Zig:24)
  20 warmongers (Pan)
  10 draconian annihilators
  13 orc warlords
  141 reapers
  6 deep elf elementalists
  13 war gargoyles
  16 draconian stormcallers
  2 caustic shrike skeletons
  7 draconian shifters
  3 elemental wellsprings (Coc:7)
  19 stone giants
  5 spriggan defenders
  21 blood saints (Pan)
  31 very ugly things
  2 juggernaut skeletons (Zig:23)
  20 bennus
  The ghost of mishael the Thaumaturge, a journeyman DrFE of Vehumet (D:13)
  15 vampire knights
  7 entropy weavers
  Nessos (Lair:4)
  26 apis (Pan)
  107 starcursed masses
  22 green draconians
  81 slime creatures
  12 deep elf demonologists
  15 ophanim
  37 lorocyprocas
  8 deep elf annihilators
  15 black draconians
  16 white draconians
  3 spectral titans
  20 yellow draconians
  Azrael (Orc:2)
  16 black suns
  6 spark wasps
  23 red draconians
  6 merfolk javelineers (Zig:18)
  14 purple draconians
  16 ettins
  7 quicksilver dragon zombies
  33 blizzard demons
  9 deep elf death magi
  16 eidola
  44 mummy priests
  3 death oozes (Slime:5)
  4 merfolk impalers
  21 green deaths
  14 fire dragons
  A crystal guardian (Abyss:4)
  15 yaktaur captains
  8 jiangshi
  Josephine (Lair:6)
  10 deep elf high priests
  The ghost of Kostasan the Basher, a journeyman MiBe of Trog (D:9)
  15 rakshasas
  21 naga warriors
  A kraken zombie (Coc:1)
  37 vault guards
  20 great orbs of eyes
  23 hydras
  11 quicksilver dragon skeletons
  9 hell beasts
  A ghost crab (Tar:5)
  A merfolk avatar (Zig:18)
  3 catoblepae
  Erica (Orc:1)
  3 spriggan air magi
  32 ice dragons
  6 centaur warriors
  17 monstrous demonspawn
  2 death knights
  A two-headed ogre (shapeshifter) (Vaults:5)
  The ghost of mishael the Arsonist, a novice DrFE of Vehumet (D:9)
  10 anacondas
  5 tengu warriors
  5 shambling mangroves
  2 merfolk aquamancers (Zig:18)
  An alligator snapping turtle (Zig:18)
  5 deep troll shamans
  A queen ant (Lair:6)
  12 alligators
  68 hell hogs
  20 dancing weapons
  A satyr (shapeshifter) (Vaults:5)
  2 satyrs (Zig:18)
  19 ogre magi
  55 two-headed ogres
  Urug (D:12)
  7 deep troll earth magi
  16 vampire magi
  11 titan zombies
  8 death yaks
  9 orc high priests
  38 death scarabs
  101 soul eaters
  14 shock serpents
  7 spriggan berserkers
  2 holy swine (Pan)
  The ghost of Quickbrownfox the Zephyrmancer, a novice DrAE of Vehumet (D:9)
  44 thrashing horrors
  8 naga sharpshooters
  23 deep elf knights
  18 storm dragon zombies
  The ghost of makkenr95 the Fighter, a novice MiFi of Qazlal (D:9)
  14 titan skeletons
  102 sun demons
  Sonja (Lair:6)
  16 iron golems
  47 wretched stars
  17 storm dragon skeletons
  22 shadow wraiths
  14 iron trolls
  112 hell knights
  9 spatial maelstroms
  3 fire crabs
  3 sea snakes (Zig:18)
  A spark wasp zombie (Zig:7)
  14 cherubim (Pan)
  4 unseen horrors
  31 flayed ghosts
  8 salamander mystics
  4 death drakes
  57 sixfirhies
  6 ghost moth zombies
  17 infernal demonspawn
  22 anaconda zombies
  3 unseen horrors (shapeshifter)
  22 deep elf archers
  13 golden dragon zombies
  51 shadow demons
  258 skeletal warriors
  A quicksilver dragon simulacrum (Coc:5)
  11 wizards
  8 glowing orange brains
  6 spriggan druids
  8 orc knights
  10 torturous demonspawn (Pan)
  A lindwurm (Snake:4)
  19 gelid demonspawn (Pan)
  A swamp dragon (shapeshifter) (Elf:2)
  12 swamp dragons
  11 golden dragon skeletons
  13 ironbrand convokers
  14 shadow dragon zombies
  7 naga ritualists (Snake:4)
  30 deep trolls
  32 phantasmal warriors
  5 orb spiders
  12 anaconda skeletons
  A mana viper (shapeshifter) (Depths:1)
  5 iron dragon zombies
  2 sphinx zombies
  56 deep elf magi
  8 wolf spider zombies
  20 oklob plants
  5 tengu skeletons
  20 stone giant zombies
  An orb spider (shapeshifter) (Depths:2)
  The ghost of harness the Transmogrifier, a novice DrTm of Wu Jian (D:9)
  10 fire giant zombies
  7 shining eyes
  41 necromancers
  5 manticores (Zig:18)
  9 orc sorcerers
  10 shadow dragon skeletons
  20 frost giant zombies
  14 mana vipers
  59 ugly things
  6 fauns (Zig:18)
  A harpy (Vaults:1)
  A sphinx skeleton (Zig:23)
  10 wolf spiders
  9 cyclopes
  A faun (shapeshifter) (Abyss:4)
  A shining eye (shapeshifter) (Depths:5)
  10 salamanders
  11 elephants
  11 worldbinders
  20 moths of wrath
  12 iron dragon skeletons
  3 merfolk sirens (Zig:18)
  11 stone giant skeletons
  19 fire giant skeletons
  Maurice (D:10)
  56 orange demons
  A guardian serpent (shapeshifter) (Vaults:3)
  3 spriggan zombies
  18 guardian serpents
  14 dire elephant zombies
  39 black mambas
  84 rust devils
  3 titan simulacra (Coc:7)
  9 frost giant skeletons
  6 apocalypse crabs
  5 shock serpent zombies
  8 eyes of devastation
  12 vault sentinels
  4 storm dragon simulacra (Coc:7)
  7 ice statues
  25 naga magi
  12 spiny frogs
  2 torpor snails
  5 molten gargoyles
  2 water nymphs (Zig:18)
  A spiny frog (shapeshifter) (Vaults:4)
  4 gargoyles
  107 smoke demons
  A shock serpent skeleton (Crypt:3)
  4 emperor scorpion zombies
  A yellow draconian zombie (Dis:5)
  A minotaur zombie (Dis:6)
  A kobold demonologist (D:15)
  6 centaur skeletons
  5 catoblepas zombies
  9 dire elephant skeletons
  98 tormentors
  131 hellions
  66 yaktaurs
  19 efreet
  47 demonic crawlers
  A rime drake (shapeshifter) (Abyss:1)
  51 freezing wraiths
  6 rime drakes
  A komodo dragon (shapeshifter) (Vaults:4)
  46 hellwings
  7 spriggan skeletons
  71 ice devils
  5 catoblepas skeletons
  2 anaconda simulacra
  69 guardian mummies
  8 silent spectres
  26 ancient zymes
  A minotaur skeleton (Geh:4)
  A golden dragon simulacrum (Depths:2)
  3 tengu conjurers
  A pale draconian skeleton (Crypt:2)
  93 red devils
  9 komodo dragons
  20 hydra zombies
  7 trolls
  A yellow draconian skeleton (Crypt:3)
  A polar bear (Lair:5)
  2 harpy zombies
  26 merfolk (Zig:18)
  A meliai (shapeshifter) (D:13)
  9 tyrant leeches
  2 wind drakes (Zig:18)
  A jumping spider (shapeshifter) (Abyss:4)
  6 jumping spiders
  32 hornets
  A hornet (shapeshifter) (Depths:1)
  4 harpy skeletons
  12 bog bodies
  100 raiju
  14 fire dragon zombies
  A fire giant simulacrum (Abyss:2)
  8 hippogriffs
  19 hydra skeletons
  A blink frog (shapeshifter) (Vaults:4)
  3 snapping turtles (Zig:18)
  16 ettin zombies
  7 ice dragon zombies
  A stone giant simulacrum (Coc:7)
  3 frost giant simulacra
  15 ice dragon skeletons
  14 dream sheep
  A jumping spider zombie (Crypt:3)
  27 blink frogs
  12 alligator zombies
  74 small abominations
  3 black mamba zombies
  4 air elementals
  Sigmund (D:6)
  243 flying skulls
  24 yaks
  78 ynoxinuls
  3 alligator skeletons
  9 tarantellas
  9 redbacks
  A shapeshifter (Zig:17)
  35 spriggans
  A spriggan (shapeshifter) (Vaults:1)
  11 wyverns
  A vampire (Abyss:2)
  10 fire dragon skeletons
  16 water elementals
  Eustachio (D:6)
  A yak (shapeshifter) (Vaults:1)
  2 tarantellas (shapeshifter)
  76 wraiths
  A black mamba skeleton (Abyss:2)
  92 shadows
  A human (D:9)
  40 ushabtiu
  14 ettin skeletons
  53 fire elementals
  10 basilisks
  16 golden eyes
  191 large abominations
  27 vampire mosquitoes
  67 chaos spawn
  11 fire bats
  20 hungry ghosts
  A golden eye (shapeshifter) (Vaults:3)
  2 hogs (D:13)
  2 steam dragons (Lair:6)
  60 neqoxecs
  19 insubstantial wisps
  A water nymph zombie (Crypt:2)
  41 nagas
  24 soldier ants (Lair:6)
  10 wargs
  3 swamp worms (shapeshifter)
  12 spatial vortices
  14 swamp worms
  25 spiny frog zombies
  2 acid dragons
  180 hell hounds
  3 hydra simulacra
  10 porcupines
  30 orc warriors
  17 water moccasins
  4 human zombies
  A merfolk skeleton (Geh:4)
  14 swamp drakes
  14 ice beasts
  An ice beast (shapeshifter) (Vaults:1)
  13 spiny frog skeletons
  2 eyes of draining (shapeshifter)
  13 eyes of draining
  4 swamp dragon zombies
  A faun skeleton (Crypt:1)
  17 phantoms
  7 manticore zombies
  An ice dragon simulacrum (Coc:5)
  A black bear (D:12)
  2 fire dragon simulacra
  A sky beast (shapeshifter) (Vaults:3)
  6 snapping turtle zombies
  4 sky beasts
  2 ettin simulacra
  54 ogres
  2 swamp dragon skeletons
  5 boggarts
  8 centaurs
  6 manticore skeletons
  61 necrophages
  5 wolves
  9 snapping turtle skeletons
  10 crocodiles
  4 big kobolds
  6 elf zombies
  19 bullfrogs
  A glowing shapeshifter simulacrum (Zig:12)
  A wyvern zombie (D:9)
  9 elf skeletons
  A water moccasin zombie (D:11)
  5 earth elementals
  2 scorpions
  4 troll zombies
  4 killer bees (D:13)
  2 snapping turtle simulacra
  2 electric eels (Elf:3)
  2 troll skeletons
  159 wights
  The ghost of Tiagovsky the Vandal, a weakling HaHu (D:4)
  26 crimson imps
  A howler monkey (D:12)
  6 centaur zombies
  10 quasits
  A bullfrog zombie (D:12)
  10 hounds
  6 jellies
  A draconian simulacrum (IceCv)
  A black bear zombie (Crypt:2)
  A gnoll shaman (D:4)
  81 iron imps
  21 orc priests
  25 orc wizards
  A basilisk skeleton (Crypt:2)
  A bullfrog skeleton (D:7)
  2 human skeletons
  Ijyb (D:5)
  5 iguanas
  4 lightning spires (Abyss:4)
  2 hell rats (D:11)
  4 spriggan simulacra
  24 worker ants
  A big kobold zombie (Crypt:1)
  A tengu zombie (Geh:7)
  2 centaur simulacra (IceCv)
  A naga skeleton (Geh:4)
  2 hound skeletons
  83 mummies
  Robin (D:3)
  2 worker ant zombies
  A howler monkey zombie (Crypt:2)
  9 gnolls
  11 adders
  2 naga simulacra (IceCv)
  3 ogre simulacra (IceCv)
  A river rat (D:11)
  A scorpion zombie (Crypt:2)
  35 shadow imps
  45 white imps
  16 ufetubi
  3 oozes
  An adder skeleton (D:4)
  An adder zombie (D:6)
  3 worms
  2 leopard geckos
  99 orcs
  2 ball pythons (D:3)
  4 giant cockroaches
  18 goblins
  5 hobgoblins
  11 jackals
  A kobold (shapeshifter) (Vaults:5)
  20 kobolds
  7 quokkas
  6 bats
  3 frilled lizards
  A goblin skeleton (Crypt:1)
  A kobold zombie (Geh:7)
  A leopard gecko zombie (D:8)
  An orc zombie (Dis:6)
  A quokka skeleton (D:7)
  A quokka zombie (D:3)
  6 rats
  A river rat skeleton (Crypt:2)
  A river rat zombie (Crypt:1)
  A crawling corpse (Vaults:5)
  2 fire vortices
  A lost soul (Tar:5)
  3 lurking horrors
  2 plants
  35 starspawn tentacles
  3 tentacles (Coc:1)
8557 creatures vanquished.

Vanquished Creatures (collateral kills)
  Boris (Vaults:3)
  Bai Suzhen (Vaults:4)
  2 bone dragons (Crypt:3)
  A Tzitzimitl (Tar:7)
  A lich (Depths:4)
  A tentacled monstrosity (Zot:1)
  The ghost of Anosyof the Impaler, an adept CeHu of Okawaru (Vaults:1)
  The ghost of Yrghoe Jijamo the Devastator, an adept DrCj of Vehumet (Snake:4)
  An Executioner (Pan)
  2 quicksilver dragons
  A thorn hunter (Swamp:3)
  6 ancient champions (Crypt:3)
  A shadow dragon (Depths:4)
  A draconian monk (Zot:3)
  A storm dragon (Depths:4)
  2 nagarajas (Snake:4)
  An azure jelly (Slime:5)
  A frost giant (Depths:4)
  3 deep elf elementalists (Elf:3)
  A ghoul (Vaults:3)
  A draconian stormcaller (Depths:5)
  3 very ugly things
  A stone giant (Depths:1)
  2 bennus (Tomb:2)
  A green draconian (Zot:2)
  A vampire knight (Depths:2)
  A deep elf demonologist (Elf:3)
  A yellow draconian (Zot:1)
  3 deep elf annihilators
  A deep elf death mage (Elf:3)
  2 deep elf high priests (Elf:3)
  A mummy priest (Tomb:2)
  A quicksilver dragon zombie (Geh:7)
  3 jiangshi (Crypt:3)
  An ettin (Depths:4)
  A merfolk impaler (Abyss:4)
  A great orb of eyes (Slime:1)
  A yaktaur captain (Vaults:3)
  A quicksilver dragon skeleton (Crypt:3)
  2 ice dragons
  3 hydras (Swamp:4)
  2 naga warriors (Snake:4)
  A shambling mangrove (Swamp:3)
  A spriggan air mage (Depths:5)
  4 anacondas (Snake:4)
  An ogre mage (Depths:4)
  4 death knights
  A two-headed ogre (Orc:2)
  A death yak (Lair:6)
  3 vampire magi
  2 hell hogs (Hell)
  A deep troll earth mage (Depths:5)
  A naga sharpshooter (Snake:4)
  A spriggan berserker (Depths:5)
  2 shock serpents (Snake:4)
  2 deep elf knights
  8 skeletal warriors
  A shadow wraith (Crypt:3)
  A hell knight (Hell)
  A deep troll (Depths:5)
  An anaconda zombie (Coc:7)
  4 deep elf archers
  A wizard (Vaults:3)
  A spriggan druid (Swamp:3)
  2 swamp dragons (Swamp:4)
  2 phantasmal warriors
  A necromancer (IceCv)
  An orc knight (Vaults:3)
  7 mana vipers (Snake:4)
  9 deep elf magi
  3 lindwurms (Snake:4)
  A moth of wrath (Zot:3)
  2 ugly things
  A salamander (Snake:4)
  8 black mambas
  3 naga magi
  2 vault sentinels (Vaults:3)
  2 elephants (Lair:6)
  3 guardian serpents (Snake:4)
  An orange demon (Pan)
  A spiny frog (Lair:6)
  A yellow draconian zombie (Crypt:3)
  A rime drake (shapeshifter) (Depths:1)
  A freezing wraith (Vaults:3)
  A tormentor (Abyss:4)
  A tengu conjurer (Depths:2)
  3 yaktaurs
  An ice devil (IceCv)
  A troll (D:10)
  A yaktaur skeleton (Vaults:3)
  A tyrant leech (Swamp:4)
  3 hornets
  5 slime creatures
  A large abomination (Abyss:4)
  3 flying skulls (Crypt:3)
  An alligator zombie (Coc:7)
  2 dream sheep (Lair:6)
  A redback (Lair:6)
  A small abomination (Abyss:4)
  A shadow (Swamp:3)
  2 spriggans
  A chaos spawn (Depths:1)
  5 vampire mosquitoes
  8 nagas
  A swamp worm (Swamp:3)
  A water moccasin (Lair:6)
  A snapping turtle zombie (Crypt:2)
  2 ogres (Orc:2)
  A hippogriff zombie (Crypt:3)
  A crimson imp (Depths:1)
  3 starcursed masses (Abyss:4)
  A centaur skeleton (D:9)
  An orc priest (Vaults:2)
  A mummy (Dis:2)
  A white imp (Depths:1)
  An ufetubus (Depths:1)
  An adder zombie (Crypt:3)
218 creatures vanquished.

Vanquished Creatures (others)
  2 eldritch tentacles
  A corrupter (Pan)
  An ironheart preserver (Vaults:5)
  2 elemental wellsprings
  A blood saint (Pan)
  A lorocyproca (Pan)
  A blizzard demon (Pan)
  A spectral sphinx (Zig:14)
  A spriggan druid (Swamp:4)
  A hell knight (Geh:7)
  A golden dragon skeleton (Geh:1)
  An apocalypse crab (Abyss:4)
  2 smoke demons
  A naga mage (D:15)
  A tormentor (Geh:7)
  An efreet (Abyss:1)
  A red devil (Pan)
  A hippogriff (shapeshifter) (Abyss:4)
  2 ynoxinuls
  2 flying skulls
  3 shadows
  2 wraiths
  A fire bat (Geh:5)
  A vampire mosquito (Swamp:2)
  An insubstantial wisp (Abyss:4)
  A naga (Snake:3)
  A large abomination (Abyss:3)
  2 hell hounds
  An ogre (Vaults:4)
  A necrophage (Tar:1)
  9 wights
  A starcursed mass (Abyss:4)
  A crimson imp (Geh:2)
  A quasit (Abyss:4)
  2 iron imps (Geh:2)
  2 lightning spires (Abyss:4)
  2 small abominations
  A kobold zombie (Geh:5)
  2 bushes (Abyss:1)
  5 demonic plants
  18 fungi
  3 lurking horrors
  50 plants
  26 spectral weapons
  70 starspawn tentacles
  A tentacle (Coc:1)
  4 toadstools (D:5)
237 creatures vanquished.

Grand Total: 9012 creatures vanquished

Notes
Turn   | Place    | Note
-------+----------+-------------------------------------------
     0 | D:1      | Amplified the Minotaur Fighter began the quest for the Orb.
     0 | D:1      | Reached XP level 1. HP: 19/19 MP: 0/0
   152 | D:1      | Reached XP level 2. HP: 25/27 MP: 1/1
   575 | D:2      | Reached XP level 3. HP: 33/33 MP: 2/2
  1032 | D:2      | Reached skill level 1 in Dodging
  1203 | D:3      | Found a shadowy altar of Dithmenos.
  1217 | D:3      | Reached XP level 4. HP: 20/40 MP: 3/3
  1438 | D:3      | Noticed Robin
  1473 | D:3      | Killed Robin
  1877 | D:4      | Reached XP level 5. HP: 47/47 MP: 4/4
  1883 | D:4      | Reached skill level 5 in Shields
  1931 | D:4      | Found a runed translucent gate.
  1932 | D:4      | Found a runed translucent gate.
  1933 | D:4      | Found a runed translucent gate.
  1934 | D:4      | Noticed Tiagovsky's ghost (weakling HaHu)
  1951 | D:4      | Killed Tiagovsky's ghost
  1951 | D:4      | Reached skill level 5 in Fighting
  2035 | D:4      | Noticed a centaur
  2045 | D:4      | Killed a centaur
  2045 | D:4      | Reached XP level 6. HP: 39/56 MP: 5/5
  2092 | D:4      | Found a hazy altar of Hepliaklqana.
  2096 | D:4      | Found a snail-covered altar of Cheibriados.
  2582 | D:5      | Entered Level 5 of the Dungeon
  2696 | D:5      | Noticed an ice beast
  2704 | D:5      | Killed an ice beast
  2904 | D:5      | Reached skill level 5 in Maces & Flails
  2905 | D:5      | Reached XP level 7. HP: 62/62 MP: 6/6
  3084 | D:5      | Found a staircase to the Ecumenical Temple.
  3097 | D:5      | Reached skill level 5 in Armour
  3267 | D:5      | Noticed Ijyb
  3272 | D:5      | Killed Ijyb
  3632 | Temple   | Entered the Ecumenical Temple
  3783 | Temple   | Became a worshipper of Makhleb the Destroyer
  3821 | D:6      | Noticed Sigmund
  3843 | D:6      | Killed Sigmund
  3843 | D:6      | Reached XP level 8. HP: 56/71 MP: 7/7
  4028 | D:6      | Found Luclopt's Antique Weapon Shoppe.
  4038 | D:6      | Bought a runed morningstar for 182 gold pieces
  4103 | D:6      | Noticed Eustachio
  4114 | D:6      | Reached * piety under Makhleb
  4139 | D:6      | Killed Eustachio
  4438 | D:7      | Reached skill level 1 in Invocations
  4494 | D:7      | Reached XP level 9. HP: 81/81 MP: 8/8
  4704 | D:7      | Found an opulent altar of Gozag.
  4900 | D:8      | Reached ** piety under Makhleb
  5553 | D:8      | Reached *** piety under Makhleb
  5631 | D:9      | Reached skill level 5 in Dodging
  5706 | D:9      | Noticed a two-headed ogre
  5749 | D:9      | Killed a two-headed ogre
  5749 | D:9      | Reached XP level 10. HP: 91/91 MP: 10/12
  5932 | D:9      | Noticed a seven-headed hydra
  5941 | D:9      | Killed a seven-headed hydra
  5998 | D:9      | Found a runed translucent gate.
  5998 | D:9      | Found a runed translucent gate.
  5998 | D:9      | Found a runed translucent gate.
  5998 | D:9      | Noticed harness's ghost (novice DrTm)
  5999 | D:9      | Noticed Quickbrownfox's ghost (novice DrAE)
  5999 | D:9      | Noticed Kostasan's ghost (journeyman MiBe)
  5999 | D:9      | Noticed makkenr95's ghost (novice MiFi)
  5999 | D:9      | Noticed mishael's ghost (novice DrFE)
  6439 | D:9      | Killed mishael's ghost
  6439 | D:9      | Reached skill level 5 in Invocations
  6456 | D:9      | Killed Kostasan's ghost
  6456 | D:9      | Reached skill level 10 in Fighting
  6456 | D:9      | Reached skill level 10 in Shields
  6460 | D:9      | Killed harness's ghost
  6466 | D:9      | Killed Quickbrownfox's ghost
  6466 | D:9      | Reached XP level 11. HP: 86/100 MP: 14/14
  6481 | D:9      | Killed makkenr95's ghost
  6481 | D:9      | Reached skill level 10 in Maces & Flails
  6538 | D:10     | Entered Level 10 of the Dungeon
  6911 | D:10     | Reached **** piety under Makhleb
  6981 | D:10     | Noticed Maurice
  6998 | D:10     | Killed Maurice
  7040 | D:10     | Paralysed by a hornet for 1 turns
  7435 | D:11     | Noticed a death yak
  7437 | D:11     | Noticed a death yak
  7438 | D:11     | Found a staircase to the Lair.
  7439 | D:11     | Noticed a death yak
  7451 | D:11     | Killed a death yak
  7457 | D:11     | Killed a death yak
  7470 | D:11     | Killed a death yak
  7651 | D:11     | Noticed Gastronok
  7665 | D:11     | Killed Gastronok
  8014 | D:12     | Reached XP level 12. HP: 110/110 MP: 16/16
  8053 | D:12     | Got a dazzling flail
  8059 | D:12     | Identified the +10 flail of Indomitability {vamp, rElec
                  | MR++} (You found it on level 12 of the Dungeon)
  8070 | D:12     | Found a frozen archway.
  8077 | IceCv    | Entered an ice cave
  8534 | IceCv    | Found the +8 trident of the Octopus King {venom, rElec
                  | rPois MR+}
  8543 | IceCv    | Got a warped ring mail
  8636 | IceCv    | Reached ***** piety under Makhleb
  8670 | D:12     | Identified the cursed +0 ring mail of the Orange Skies
                  | {Regen+ Int+3 Dex+4} (You found it in an ice cave)
  8865 | D:12     | Noticed a two-headed ogre
  8873 | D:12     | Killed a two-headed ogre
  8884 | D:12     | Noticed a two-headed ogre
  8890 | D:12     | Killed a two-headed ogre
  8990 | D:12     | Noticed Urug
  9007 | D:12     | Killed Urug
  9233 | D:12     | Found a staircase to the Orcish Mines.
  9245 | D:12     | Found a sparkling altar of Nemelex Xobeh.
  9339 | D:12     | Found a roughly hewn altar of Beogh.
  9491 | Lair:1   | Entered Level 1 of the Lair of Beasts
  9497 | Lair:1   | Noticed a six-headed hydra
  9506 | Lair:1   | Killed a six-headed hydra
 10352 | Lair:1   | Noticed an eight-headed hydra
 10359 | Lair:1   | Killed an eight-headed hydra
 10359 | Lair:1   | Reached XP level 13. HP: 116/116 MP: 17/17
 11104 | Lair:2   | You fall through a shaft for 2 floors!
 11301 | Lair:4   | Found a staircase to the Swamp.
 11321 | Lair:4   | Reached skill level 15 in Shields
 11330 | Lair:4   | Noticed Nessos
 11343 | Lair:4   | Killed Nessos
 11800 | Lair:3   | Found a staircase to the Snake Pit.
 12787 | Lair:5   | Found a staircase to the Slime Pits.
 13205 | Lair:5   | Reached XP level 14. HP: 127/127 MP: 19/19
 13211 | Lair:5   | Reached ****** piety under Makhleb
 13979 | Lair:6   | Entered Level 6 of the Lair of Beasts
 13996 | Lair:6   | Noticed Sonja
 14003 | Lair:6   | Cast into level 2 of the Abyss (Sonja)
 14008 | Abyss:2  | Found a snail-covered altar of Cheibriados.
 14244 | Abyss:3  | Noticed a starcursed mass
 14252 | Abyss:3  | Reached skill level 10 in Armour
 14300 | Abyss:3  | Noticed a green draconian scorcher
 14311 | Abyss:3  | Noticed a tentacled starspawn
 14496 | Abyss:3  | Noticed a cacodemon
 14505 | Abyss:3  | Killed a cacodemon
 14572 | Lair:6   | Escaped the Abyss
 14788 | Orc:1    | Entered Level 1 of the Orcish Mines
 14804 | Orc:1    | Noticed Erica
 15176 | Lair:6   | Identified Sif Muna's Grimoire of Shape Shifting
 15371 | Lair:6   | Got a crude bronze ring
 15402 | Lair:6   | Identified the ring of Syhotz {rC+ MP+9 Slay+3 SInv} (You
                  | found it on level 6 of the Lair of Beasts)
 15541 | Lair:6   | Noticed an entropy weaver
 15557 | Lair:6   | Killed an entropy weaver
 15592 | Lair:6   | Noticed an entropy weaver
 15603 | Lair:6   | Killed an entropy weaver
 15708 | Lair:6   | Reached skill level 10 in Dodging
 15708 | Lair:6   | Reached skill level 10 in Invocations
 15754 | Lair:6   | Reached XP level 15. HP: 138/138 MP: 21/21
 15979 | Lair:6   | Killed Sonja
 16295 | Lair:6   | Noticed Josephine
 16307 | Lair:6   | Killed Josephine
 16811 | Orc:1    | Killed Erica
 17036 | Orc:1    | Noticed Jorgrun
 17051 | Orc:1    | Killed Jorgrun
 17402 | Orc:2    | Entered Level 2 of the Orcish Mines
 17473 | Orc:2    | Noticed Azrael
 17499 | Orc:2    | Killed Azrael
 17780 | Orc:2    | Reached skill level 15 in Fighting
 17822 | Orc:2    | Found Pigykofol's Antique Armour Boutique.
 17836 | Orc:2    | Found Lintestri's Food Emporium.
 17836 | Orc:2    | Found Vaxkitro's Armour Boutique.
 17836 | Orc:2    | Found Lefob's Armour Shoppe.
 17842 | Orc:2    | Bought a ration for 50 gold pieces
 17842 | Orc:2    | Bought a ration for 50 gold pieces
 17842 | Orc:2    | Bought a ration for 50 gold pieces
 17842 | Orc:2    | Bought a ration for 50 gold pieces
 17842 | Orc:2    | Bought a ration for 50 gold pieces
 17842 | Orc:2    | Bought a ration for 50 gold pieces
 17842 | Orc:2    | Bought a ration for 50 gold pieces
 17842 | Orc:2    | Bought a ration for 50 gold pieces
 17842 | Orc:2    | Bought a ration for 50 gold pieces
 17842 | Orc:2    | Bought a ration for 50 gold pieces
 17843 | Orc:2    | Bought the +2 shield of Resistance {rF+ rC+ MR+} for 534
                  | gold pieces
 17843 | Orc:2    | Found the +2 shield of Resistance {rF+ rC+ MR+}
 17855 | Orc:2    | Bought a +3 scale mail of poison resistance for 391 gold
                  | pieces
 17856 | Orc:2    | Bought a scorched scale mail for 234 gold pieces
 17866 | Orc:2    | Identified the +3 scale mail "Lureagae" {-Cast rF+ MR+
                  | rCorr} (You bought it in a shop on level 2 of the Orcish
                  | Mines)
 17881 | Orc:2    | Bought a +0 pair of gloves for 58 gold pieces
 18068 | Orc:2    | Found a staircase to the Elven Halls.
 18284 | D:13     | Found a shimmering altar of Xom.
 18285 | D:13     | Found a shimmering altar of Xom.
 18285 | D:13     | Found a shimmering altar of Xom.
 18285 | D:13     | Found a shimmering altar of Xom.
 18286 | D:13     | Found a shimmering altar of Xom.
 18359 | D:13     | Found Meutzu Vise's Magic Scroll Shop.
 18404 | D:13     | Bought a scroll of fear for 49 gold pieces
 18404 | D:13     | Bought a scroll of fog for 28 gold pieces
 18404 | D:13     | Bought a scroll of summoning for 133 gold pieces
 18523 | D:13     | Found a transporter.
 18551 | D:13     | Found a transporter.
 18562 | D:13     | Noticed mishael's ghost (journeyman DrFE)
 18583 | D:13     | Reached XP level 16. HP: 141/149 MP: 23/23
 18610 | D:13     | Killed mishael's ghost
 18645 | D:13     | Identified the +2 hat of Zoto {rF+} (You found it on level
                  | 13 of the Dungeon)
 18829 | D:13     | Noticed Kirke
 18846 | D:13     | Killed Kirke
 19213 | D:14     | Found the +8 demon blade "Bloodbane" {slice, *Rage +Rage
                  | Stlth-}
 19338 | D:14     | Found a gate to the Vaults.
 19999 | D:15     | Entered Level 15 of the Dungeon
 20544 | D:15     | Found a staircase to the Depths.
 21035 | Snake:1  | Entered Level 1 of the Snake Pit
 21112 | Snake:1  | Learned a level 1 spell: Confusing Touch
 22007 | Snake:2  | Noticed Aizul
 22028 | Snake:2  | Killed Aizul
 22112 | Snake:2  | Reached XP level 17. HP: 159/159 MP: 25/25
 22506 | Snake:3  | Noticed Donald
 22529 | Snake:3  | Killed Donald
 23192 | Snake:3  | Reached skill level 15 in Armour
 23538 | Snake:3  | Found Vuesukij's Magic Scroll Shoppe.
 23546 | Snake:3  | Bought a scroll of fear for 49 gold pieces
 23546 | Snake:3  | Bought a scroll of teleportation for 42 gold pieces
 23546 | Snake:3  | Bought a scroll of enchant weapon for 105 gold pieces
 23546 | Snake:3  | Bought 3 scrolls of enchant weapon for 315 gold pieces
 24022 | Snake:4  | Entered Level 4 of the Snake Pit
 24022 | Snake:4  | Found a runed translucent door.
 24022 | Snake:4  | Noticed Yrghoe Jijamo's ghost (adept DrCj)
 24269 | Snake:4  | Killed Yrghoe Jijamo's ghost
 24279 | Snake:4  | Identified the Grimoire of Moulding and the Volcanoes
 24668 | Snake:4  | Noticed Mara
 24877 | Snake:4  | Noticed Amplified's illusion
 24924 | Snake:4  | Killed Mara
 24924 | Snake:4  | Reached XP level 18. HP: 90/171 MP: 27/27
 25638 | Snake:4  | Got a serpentine rune of Zot
 25902 | Swamp:1  | Entered Level 1 of the Swamp
 25988 | Swamp:1  | Reached skill level 15 in Dodging
 26049 | Swamp:2  | Noticed Nikola
 26085 | Swamp:2  | Killed Nikola
 26280 | Swamp:3  | Found a transporter.
 26429 | Swamp:3  | Found a transporter.
 26486 | Swamp:3  | Got a vibrating amber ring
 26500 | Swamp:3  | Got a glittering pewter ring
 26512 | Swamp:3  | Identified the ring "Xiyrod" {*Slow +Fly rC- rN+++ SInv}
                  | (You found it on level 3 of the Swamp)
 26513 | Swamp:3  | Identified the ring "Weonit" {rPois rN+ Str-2 Dex+2} (You
                  | found it on level 3 of the Swamp)
 26938 | Swamp:4  | Entered Level 4 of the Swamp
 27186 | Swamp:4  | Reached XP level 19. HP: 175/181 MP: 29/29
 27214 | Swamp:4  | Got a decaying rune of Zot
 27340 | Swamp:4  | Reached skill level 15 in Invocations
 28219 | Swamp:2  | Identified a scroll of acquirement
 29005 | Elf:1    | Entered Level 1 of the Elven Halls
 29135 | Elf:1    | Gained mutation: You are frail. (-10% HP) [a neqoxec]
 29227 | Elf:1    | Lost mutation: You are frail. (-10% HP) [potion of
                  | mutation]
 29227 | Elf:1    | Gained mutation: You are frail. (-10% HP) [potion of
                  | mutation]
 29227 | Elf:1    | Gained mutation: Your muscles are strong. (Str +2) [potion
                  | of mutation]
 29228 | Elf:1    | Lost mutation: You are frail. (-10% HP) [potion of
                  | mutation]
 29228 | Elf:1    | Lost mutation: Your muscles are strong. (Str +2) [potion of
                  | mutation]
 29228 | Elf:1    | Gained mutation: Scrolls take you a little longer to read.
                  | [potion of mutation]
 29228 | Elf:1    | Gained mutation: You are partially covered in thin metallic
                  | scales. (AC +2) [potion of mutation]
 29228 | Elf:1    | Gained mutation: Your flesh is cold resistant. (rC+)
                  | [potion of mutation]
 29239 | Elf:1    | Lost mutation: Scrolls take you a little longer to read.
                  | [potion of mutation]
 29239 | Elf:1    | Lost mutation: You are partially covered in thin metallic
                  | scales. (AC +2) [potion of mutation]
 29239 | Elf:1    | Lost mutation: Your flesh is cold resistant. (rC+) [potion
                  | of mutation]
 29239 | Elf:1    | Gained mutation: Scrolls take you a little longer to read.
                  | [potion of mutation]
 29239 | Elf:1    | Gained mutation: Scrolls take you longer to read. [potion
                  | of mutation]
 29239 | Elf:1    | Gained mutation: You are clumsy. (Dex -2) [potion of
                  | mutation]
 29239 | Elf:1    | Gained mutation: You are partially covered in molten
                  | scales. (AC +2) [potion of mutation]
 29240 | Elf:1    | Lost mutation: You are clumsy. (Dex -2) [potion of
                  | mutation]
 29240 | Elf:1    | Lost mutation: Scrolls take you longer to read. [potion of
                  | mutation]
 29240 | Elf:1    | Lost mutation: Scrolls take you a little longer to read.
                  | [potion of mutation]
 29240 | Elf:1    | Gained mutation: Armour fits poorly on your strangely
                  | shaped body. [potion of mutation]
 29240 | Elf:1    | Gained mutation: You have supernaturally acute eyesight.
                  | (SInv) [potion of mutation]
 29510 | Elf:1    | Noticed Louise
 29543 | Elf:1    | Killed Louise
 29583 | Elf:1    | Identified the Almanac of Attacks
 29909 | Elf:2    | Found a deep blue altar of Sif Muna.
 29958 | Elf:2    | Identified the cursed +1 scale mail of Least Resistance
                  | {Str+4 Int+3} (You found it on level 2 of the Elven Halls)
 30330 | Elf:2    | Found a runed translucent gate.
 30338 | Elf:2    | Found a runed translucent gate.
 30338 | Elf:2    | Found a runed translucent gate.
 30409 | Elf:2    | Identified the +7 dagger of the Slime-mould {drain, rPois
                  | rC+ rN+} (You found it on level 2 of the Elven Halls)
 30440 | Elf:3    | Entered Level 3 of the Elven Halls
 31446 | Elf:3    | Identified the ring of Xukh {rF+ MR+}
 31502 | Elf:3    | Reached XP level 20. HP: 193/193 MP: 30/30
 31603 | Elf:3    | Identified a ring of the Octopus King {rF+ AC+1 EV+1 Str+1
                  | Int+1 Dex+1}
 31615 | Elf:3    | Identified the amulet "Ufuod" {Acrobat *Contam rElec Str+9}
 31689 | Elf:3    | Identified the Collected Works on Translocation
 32205 | Vaults:1 | Entered Level 1 of the Vaults
 33056 | Vaults:1 | Found a runed translucent door.
 33056 | Vaults:1 | Noticed Anosyof's ghost (adept CeHu)
 33407 | Vaults:1 | Killed Anosyof's ghost
 33661 | Vaults:2 | You fall through a shaft!
 33918 | Vaults:3 | Found a staircase to the Crypt.
 33918 | Vaults:3 | Found an ancient bone altar of Kikubaaqudgha.
 33919 | Vaults:3 | Found a basalt altar of Yredelemnul.
 34213 | Vaults:3 | Noticed Boris
 34232 | Vaults:3 | Killed Boris
 34506 | Vaults:3 | Reached XP level 21. HP: 202/202 MP: 32/32
 35278 | Vaults:4 | Noticed Bai Suzhen
 35293 | Vaults:4 | Killed Bai Suzhen
 36130 | Vaults:4 | Noticed Margery
 36143 | Vaults:4 | Killed Margery
 36525 | Vaults:2 | Found a basalt altar of Yredelemnul.
 36919 | Vaults:2 | Identified Sif Muna's Reference Book on Mutagenic
                  | Translocation
 37419 | Crypt:1  | Entered Level 1 of the Crypt
 37576 | Crypt:1  | Reached XP level 22. HP: 213/213 MP: 33/33
 37638 | Crypt:1  | Got a dazzling plate armour
 37651 | Crypt:1  | Identified the +9 plate armour of Lugonu's Anger {+Fly}
                  | (You found it on level 1 of the Crypt)
 38894 | Crypt:3  | Entered Level 3 of the Crypt
 38899 | Crypt:3  | Found a staircase to the Tomb.
 39425 | Crypt:3  | Noticed Saint Roka
 39447 | Crypt:3  | Killed Saint Roka
 39663 | Crypt:3  | Found a basalt altar of Yredelemnul.
 39703 | Crypt:3  | Noticed an ancient lich
 39715 | Crypt:3  | Killed an ancient lich
 40037 | Crypt:3  | Identified the ring "Mefri" {rN+ Dex+6 Slay+5}
 40093 | Crypt:3  | Identified the +3 scale mail "Adghitu Ulyg" {rC- MR+ SInv
                  | Stlth+} (You found it on level 3 of the Crypt)
 40096 | Crypt:3  | Got an ancient glass ring
 40098 | Crypt:3  | Identified the ring "Hinuptel" {rN+ Int+4} (You found it on
                  | level 3 of the Crypt)
 40450 | Crypt:3  | Reached XP level 23. HP: 224/224 MP: 35/35
 41258 | Depths:1 | Entered Level 1 of the Depths
 41515 | Depths:1 | Found a one-way gate leading to the halls of Pandemonium.
 41627 | Depths:1 | You fall through a shaft!
 41826 | Depths:2 | Found a gateway to Hell.
 42966 | Depths:2 | Identified the +6 broad axe "Giplulot" {chop, rElec}
 43087 | Depths:2 | Got a glittering golden amulet
 43088 | Depths:2 | Identified the amulet "Ziacer" {Inacc +Inv rC- rN++ Str+2}
                  | (You found it on level 2 of the Depths)
 43232 | Depths:3 | Found a gateway to a ziggurat.
 43292 | Depths:3 | Reached XP level 24. HP: 240/240 MP: 35/35
 43520 | Depths:3 | Found Zizucoh's Antique Weapon Shoppe.
 43520 | Depths:3 | Found Lecwuug's Assorted Antiques.
 43534 | Depths:3 | Bought an ancient ring mail for 405 gold pieces
 43534 | Depths:3 | Bought a warped brass ring for 225 gold pieces
 43534 | Depths:3 | Bought an encrusted double sword for 900 gold pieces
 43534 | Depths:3 | Bought a scroll of enchant armour for 337 gold pieces
 43534 | Depths:3 | Identified the cursed +1 double sword "Cooquysi" {pain,
                  | rF+++ rN+ Str-4 Stlth+} (You bought it in a shop on level 3
                  | of the Depths)
 43547 | Depths:3 | Identified the +4 ring mail of the Elven Halls {+Inv rCorr
                  | Dex+3 Stlth+} (You bought it in a shop on level 3 of the
                  | Depths)
 43550 | Depths:3 | Identified the ring of the Worm {rPois MR+++} (You bought
                  | it in a shop on level 3 of the Depths)
 43727 | Depths:3 | Learned a level 1 spell: Apportation
 43730 | Depths:3 | Learned a level 2 spell: Passwall
 43811 | Depths:3 | Reached skill level 1 in Spellcasting
 43863 | Depths:3 | Found Soelo's Distillery.
 43871 | Depths:3 | Bought a potion of might for 88 gold pieces
 43871 | Depths:3 | Bought 2 potions of curing for 132 gold pieces
 43871 | Depths:3 | Bought a potion of curing for 66 gold pieces
 43871 | Depths:3 | Bought a potion of haste for 220 gold pieces
 43871 | Depths:3 | Bought a potion of haste for 220 gold pieces
 43871 | Depths:3 | Bought a potion of resistance for 220 gold pieces
 43871 | Depths:3 | Bought a potion of curing for 66 gold pieces
 43871 | Depths:3 | Bought a potion of might for 88 gold pieces
 43907 | Depths:3 | Noticed Mennas
 43922 | Depths:3 | Killed Mennas
 44284 | Depths:4 | Found Kuschir's Antique Weapon Boutique.
 44305 | Depths:4 | Found Mawkeu's Distillery.
 44357 | Depths:4 | Found a one-way gate to the infinite horrors of the Abyss.
 44749 | Depths:4 | Reached skill level 5 in Spellcasting
 44955 | Depths:4 | Got a twisted plate armour
 44956 | Depths:4 | Identified the cursed +0 plate armour of Foolhardiness
                  | {rN++} (You found it on level 4 of the Depths)
 45031 | Depths:4 | Found the +10 zealot's sword {holy, *Rage rN+ EV+3}
 45070 | Depths:4 | Got a faintly glowing large shield
 45081 | Depths:4 | Identified the +4 large shield "Zizutaiq" {rPois rC+++
                  | Int+3 Dex-2} (You found it on level 4 of the Depths)
 45230 | Depths:4 | Found Debiczea's Food Emporium.
 45250 | Depths:4 | Found the +5 scythe "Finisher" {speed, eviscerate}
 45351 | Depths:4 | Found Cawkanute's Armour Shop.
 45412 | Depths:4 | Found Cionk's Food Emporium.
 45688 | Depths:5 | Entered Level 5 of the Depths
 45791 | Depths:5 | Gained mutation: You are weak. (Str -2) [a shining eye]
 46204 | Depths:5 | Reached XP level 25. HP: 249/249 MP: 35/35
 46286 | Depths:5 | Found a gate to the Realm of Zot.
 46458 | Depths:5 | Found Mittuoho's Jewellery Boutique.
 46459 | Depths:5 | Found Wimetz's Gadget Shoppe.
 46460 | Depths:5 | Found Bufiar's Jewellery Boutique.
 46736 | Depths:4 | Bought the +1 cloak of Trog's Righteous Anger {rPois rF+
                  | Str+7} for 678 gold pieces
 47024 | Vaults:5 | Entered Level 5 of the Vaults
 47370 | Vaults:5 | Identified the ring "Gautsahe" {*Drain rF+ rC++ Int+4}
 47383 | Vaults:5 | Reached skill level 15 in Maces & Flails
 47409 | Vaults:5 | Got a silver rune of Zot
 47645 | Vaults:5 | Got an ancient hat
 47646 | Vaults:5 | Identified the -2 hat of the Great Game {rCorr Dex+2} (You
                  | found it on level 5 of the Vaults)
 47657 | Vaults:5 | Got an ancient emerald amulet
 47659 | Vaults:5 | Identified the amulet "Delikkyips" {Inacc +Blink rN+} (You
                  | found it on level 5 of the Vaults)
 47888 | Vaults:5 | Noticed an ancient lich
 47907 | Vaults:5 | Killed an ancient lich
 48313 | Vaults:5 | Reached XP level 26. HP: 258/258 MP: 35/35
 48569 | Vaults:5 | Identified the ring of Understanding {+Inv rF+} (You found
                  | it on level 5 of the Vaults)
 48573 | Vaults:5 | Got an ichor-stained rapier
 48575 | Vaults:5 | Identified the cursed +1 rapier "Vyatof" {freeze, *Noise
                  | rC+ Dex+3} (You found it on level 5 of the Vaults)
 48655 | Vaults:5 | Reached skill level 1 in Hexes
 48655 | Vaults:5 | Reached skill level 1 in Necromancy
 49188 | Slime:1  | Entered Level 1 of the Pits of Slime
 49261 | Slime:3  | Gained mutation: You tend to lose your temper in combat. [a
                  | shining eye]
 49262 | Slime:3  | Gained mutation: You are occasionally teleported next to
                  | monsters. [a shining eye]
 49265 | Slime:3  | Gained mutation: You are clumsy. (Dex -2) [a shining eye]
 49328 | Slime:4  | Gained mutation: You are frail. (-10% HP) [a shining eye]
 49489 | Slime:5  | Entered Level 5 of the Pits of Slime
 49546 | Slime:5  | Reached skill level 5 in Necromancy
 49574 | Slime:5  | Noticed the Royal Jelly
 49645 | Slime:5  | Gained mutation: You are very weak. (Str -4) [a shining
                  | eye]
 49650 | Slime:5  | Gained mutation: You are very clumsy. (Dex -4) [a shining
                  | eye]
 49656 | Slime:5  | Reached skill level 5 in Hexes
 49791 | Slime:5  | Found a viscous altar of Jiyva.
 49826 | Slime:5  | Gained mutation: You are dopey. (Int -2) [a shining eye]
 50049 | Slime:4  | Lost mutation: You have supernaturally acute eyesight.
                  | (SInv) [a shining eye]
 50187 | Slime:5  | Killed the Royal Jelly
 50237 | Slime:5  | Got a slimy rune of Zot
 50319 | Slime:5  | Identified Buenges's Volume of Flying Ice
 50322 | Slime:5  | Lost mutation: You are frail. (-10% HP) [potion of
                  | mutation]
 50322 | Slime:5  | Lost mutation: You are dopey. (Int -2) [potion of mutation]
 50322 | Slime:5  | Lost mutation: You are very weak. (Str -4) [potion of
                  | mutation]
 50322 | Slime:5  | Lost mutation: You tend to lose your temper in combat.
                  | [potion of mutation]
 50340 | Slime:5  | Identified the Almanac of Beguiling and Protection
 50424 | Slime:5  | Identified a +2 pair of boots of running (You found it on
                  | level 5 of the Pits of Slime)
 50441 | Slime:5  | Got a distressingly furry ring mail
 50452 | Slime:5  | Identified the +0 ring mail of Ohucwe {*Drain rElec rN+++
                  | Slay+2} (You found it on level 5 of the Pits of Slime)
 51084 | Depths:1 | You fall through a shaft!
 51405 | Depths:4 | Voluntarily entered the Abyss.
 51452 | Abyss:1  | Gained mutation: You are very weak. (Str -4) [a cacodemon]
 51512 | Abyss:1  | Reached skill level 1 in Throwing
 51529 | Abyss:1  | Found a shimmering altar of Xom.
 51540 | Abyss:1  | Reached skill level 1 in Poison Magic
 52516 | Abyss:2  | Reached skill level 5 in Throwing
 52593 | Abyss:2  | Found a burning altar of Makhleb.
 52965 | Abyss:3  | Identified Fuludgh's Incunabulum of Glacial Hexes (You
                  | acquired it on level 3 of the Abyss)
 52974 | Abyss:3  | Identified the +7 trident "Yggen" {pierce, MP+9} (You found
                  | it on level 3 of the Abyss)
 53081 | Abyss:3  | Reached XP level 27. HP: 265/265 MP: 35/35
 53142 | Abyss:3  | Reached skill level 5 in Poison Magic
 53146 | Abyss:4  | Found a corrupted altar of Lugonu.
 53163 | Abyss:4  | Found a corrupted altar of Lugonu.
 53187 | Abyss:4  | Identified Zagurus's Catalogue of Spatial Transmigration
                  | (You acquired it on level 4 of the Abyss)
 53214 | Abyss:4  | Found a corrupted altar of Lugonu.
 53241 | Abyss:4  | Found a corrupted altar of Lugonu.
 53375 | Abyss:4  | Got an abyssal rune of Zot
 53660 | Abyss:4  | Found a bloodstained altar of Trog.
 53739 | Abyss:4  | Found a bloodstained altar of Trog.
 53768 | Abyss:4  | Found a bloodstained altar of Trog.
 53780 | Abyss:4  | Lost mutation: You are very weak. (Str -4) [potion of
                  | mutation]
 53780 | Abyss:4  | Lost mutation: You are very clumsy. (Dex -4) [potion of
                  | mutation]
 53780 | Abyss:4  | Lost mutation: Armour fits poorly on your strangely shaped
                  | body. [potion of mutation]
 53780 | Abyss:4  | Gained mutation: You are robust. (+10% HP) [potion of
                  | mutation]
 53780 | Abyss:4  | Gained mutation: Your system is resistant to poisons.
                  | (rPois) [potion of mutation]
 53780 | Abyss:4  | Gained mutation: You have sharp toenails. [potion of
                  | mutation]
 53839 | Abyss:4  | Gained mutation: You tend to lose your temper in combat. [a
                  | neqoxec]
 53989 | Abyss:4  | Reached skill level 10 in Throwing
 54122 | Abyss:5  | Entered Level 5 of the Abyss
 54122 | Abyss:5  | Entered Level 5 of the Abyss
 54122 | Abyss:5  | Found a corrupted altar of Lugonu.
 54252 | Depths:4 | Escaped the Abyss
 54323 | Depths:4 | Voluntarily entered the Abyss.
 54403 | Abyss:1  | Reached skill level 1 in Slings
 54700 | Abyss:1  | Reached skill level 5 in Slings
 54974 | Abyss:2  | Found a corrupted altar of Lugonu.
 54997 | Abyss:2  | Lost mutation: You are weak. (Str -2) [potion of mutation]
 54997 | Abyss:2  | Lost mutation: You are clumsy. (Dex -2) [potion of
                  | mutation]
 54997 | Abyss:2  | Gained mutation: Your muscles are strong. (Str +2) [potion
                  | of mutation]
 54997 | Abyss:2  | Gained mutation: Your spells are a little harder to cast,
                  | but a little more powerful. [potion of mutation]
 55721 | Abyss:3  | Reached skill level 15 in Throwing
 55755 | Abyss:3  | Got an ichor-stained cloak
 55756 | Abyss:3  | Identified the +0 cloak "Meave" {rF+ Str-5 Slay+4} (You
                  | acquired it on level 3 of the Abyss)
 56007 | Depths:4 | Escaped the Abyss
 56015 | Depths:4 | Voluntarily entered the Abyss.
 56130 | Abyss:1  | Reached skill level 10 in Slings
 57274 | Abyss:3  | Found a corrupted altar of Lugonu.
 57301 | Abyss:3  | Lost mutation: You have sharp toenails. [a neqoxec]
 57311 | Abyss:3  | Gained mutation: You often lose your temper in combat. [a
                  | neqoxec]
 57324 | Abyss:3  | Lost mutation: You are robust. (+10% HP) [a neqoxec]
 57426 | Depths:4 | Escaped the Abyss
 57439 | Depths:4 | Voluntarily entered the Abyss.
 57439 | Abyss:1  | Found a roughly hewn altar of Beogh.
 57834 | Abyss:1  | Gained mutation: You do not regenerate when monsters are
                  | visible. [a neqoxec]
 57989 | Depths:4 | Escaped the Abyss
 58032 | Zot:1    | Entered Level 1 of the Realm of Zot
 58196 | Zot:1    | You fall through a shaft!
 58393 | Zot:2    | Gained mutation: You are surrounded by a mild repulsion
                  | field. (EV +2) [potion of mutation]
 58393 | Zot:2    | Lost mutation: You do not regenerate when monsters are
                  | visible. [potion of mutation]
 58393 | Zot:2    | Lost mutation: You often lose your temper in combat.
                  | [potion of mutation]
 58393 | Zot:2    | Gained mutation: You are resistant to hostile enchantments.
                  | (MR+) [potion of mutation]
 59157 | Zot:3    | Reached skill level 1 in Earth Magic
 59420 | Zot:3    | Reached skill level 27 in Armour
 59474 | Zot:3    | Reached skill level 5 in Earth Magic
 59710 | Zot:3    | Noticed an orb of fire
 59726 | Zot:3    | Killed an orb of fire
 60206 | Zot:4    | Lost mutation: You are resistant to hostile enchantments.
                  | (MR+) [potion of mutation]
 60206 | Zot:4    | Lost mutation: You are occasionally teleported next to
                  | monsters. [potion of mutation]
 60206 | Zot:4    | Lost mutation: You are partially covered in molten scales.
                  | (AC +2) [potion of mutation]
 60206 | Zot:4    | Lost mutation: Your system is resistant to poisons. (rPois)
                  | [potion of mutation]
 60206 | Zot:4    | Gained mutation: You often lose your temper in combat.
                  | [potion of mutation]
 60206 | Zot:4    | Gained mutation: You are agile. (Dex +2) [potion of
                  | mutation]
 60206 | Zot:4    | Gained mutation: You are partially covered in iridescent
                  | scales. (AC +2) [potion of mutation]
 60569 | Zot:4    | Reached skill level 10 in Earth Magic
 60810 | Zot:4    | Found the +0 mask of the Dragon {MR+ Slay+3 SInv}
 61114 | Zot:5    | Entered Level 5 of the Realm of Zot
 61448 | Zot:1    | Identified the Incunabulum of Clay and Feathers (You
                  | acquired it on level 1 of the Realm of Zot)
 61883 | Pan      | Entered Pandemonium
 62232 | Pan      | Reached skill level 27 in Shields
 62246 | Pan      | Noticed Lul Zuma the pandemonium lord
 62311 | Pan      | Killed Lul Zuma the pandemonium lord
 62446 | Pan      | Found an exit through the horrors of the Abyss.
 62815 | Depths:1 | Escaped Pandemonium
 62874 | Hell     | Entered the Vestibule of Hell
 62874 | Hell     | Noticed Geryon
 62894 | Hell     | Killed Geryon
 62937 | Hell     | Noticed Murray
 62953 | Hell     | Killed Murray
 63044 | Hell     | Found a gateway to the freezing wastes of Cocytus.
 63126 | Hell     | Found a gateway to the Iron City of Dis.
 63237 | Hell     | Found a gateway to the decaying netherworld of Tartarus.
 63328 | Hell     | Found a gateway to the ashen valley of Gehenna.
 63552 | Depths:4 | Voluntarily entered the Abyss.
 63565 | Abyss:1  | Found a blossoming altar of Fedhas.
 63797 | Abyss:1  | Reached skill level 27 in Fighting
 63885 | Abyss:1  | Learned a level 2 spell: Sublimation of Blood
 63906 | Abyss:1  | Reached skill level 1 in Transmutations
 64641 | Abyss:2  | Found a corrupted altar of Lugonu.
 64863 | Abyss:2  | Reached skill level 10 in Necromancy
 65001 | Abyss:2  | Got a slimy bone ring
 65002 | Abyss:2  | Identified the ring "Isef" {rN+ Int+2 Dex+3} (You found it
                  | on level 2 of the Abyss)
 65102 | Abyss:3  | Learned a level 3 spell: Spectral Weapon
 65106 | Abyss:3  | Learned a level 3 spell: Regeneration
 65183 | Abyss:3  | Lost mutation: Your spells are a little harder to cast, but
                  | a little more powerful. [a neqoxec]
 65216 | Abyss:3  | Got a transparent ring mail
 65217 | Abyss:3  | Identified the +1 ring mail of the Lair of Beasts {Slay+2}
                  | (You found it on level 3 of the Abyss)
 65561 | Abyss:4  | Reached skill level 5 in Transmutations
 65578 | Abyss:4  | Found an opulent altar of Gozag.
 65581 | Abyss:4  | Found an opulent altar of Gozag.
 65770 | Abyss:4  | Gained mutation: You are dopey. (Int -2) [a neqoxec]
 65876 | Abyss:4  | Gained mutation: Armour fits poorly on your strangely
                  | shaped body. [a cacodemon]
 65905 | Depths:4 | Escaped the Abyss
 65909 | Depths:4 | Voluntarily entered the Abyss.
 66213 | Abyss:1  | Lost mutation: You are dopey. (Int -2) [potion of mutation]
 66213 | Abyss:1  | Lost mutation: You are surrounded by a mild repulsion
                  | field. (EV +2) [potion of mutation]
 66213 | Abyss:1  | Gained mutation: You are very agile. (Dex +4) [potion of
                  | mutation]
 66213 | Abyss:1  | Gained mutation: You have sharp toenails. [potion of
                  | mutation]
 66439 | Abyss:1  | Found a snail-covered altar of Cheibriados.
 66737 | Abyss:2  | Found a corrupted altar of Lugonu.
 66817 | Abyss:3  | Found a corrupted altar of Lugonu.
 67223 | Depths:4 | Escaped the Abyss
 67227 | Depths:4 | Voluntarily entered the Abyss.
 67498 | Abyss:1  | Reached skill level 10 in Spellcasting
 67724 | Abyss:2  | Found a corrupted altar of Lugonu.
 67729 | Abyss:2  | Found a corrupted altar of Lugonu.
 67761 | Depths:4 | Escaped the Abyss
 67763 | Depths:4 | Voluntarily entered the Abyss.
 67908 | Abyss:1  | Found a blossoming altar of Fedhas.
 68063 | Abyss:2  | Found a corrupted altar of Lugonu.
 68189 | Depths:4 | Escaped the Abyss
 68427 | Orc:2    | Bought the +8 orange crystal plate armour {Archmagi, Int+3
                  | Clar} for 3757 gold pieces
 68427 | Orc:2    | Found the +8 orange crystal plate armour {Archmagi, Int+3
                  | Clar}
 68820 | Tar:1    | Entered Level 1 of Tartarus
 68939 | Tar:1    | Reached skill level 1 in Long Blades
 69189 | Tar:1    | Reached skill level 5 in Long Blades
 70110 | Tar:2    | Reached skill level 10 in Long Blades
 70580 | Tar:2    | Learned a level 5 spell: Silence
 74079 | Tar:6    | Gained mutation: You are mostly covered in iridescent
                  | scales. (AC +4) [mutagenic glow]
 74134 | Tar:6    | Lost mutation: Armour fits poorly on your strangely shaped
                  | body. [mutagenic glow]
 74608 | Tar:7    | Entered Level 7 of Tartarus
 74883 | Tar:7    | Got a shimmering crystal amulet
 74884 | Tar:7    | Identified the amulet "Jur Liec" {Acrobat Dex+4 Slay+2
                  | Stlth+} (You found it on level 7 of Tartarus)
 75080 | Tar:7    | Got a bound ivory ring
 75087 | Tar:7    | Identified the ring of Saneaxke {rElec rF+ Str+4 Int+3
                  | SInv} (You found it on level 7 of Tartarus)
 75090 | Tar:7    | Got a vibrating iron ring
 75093 | Tar:7    | Identified the ring "Jatumox" {Ice rElec Int-4 Dex+7} (You
                  | found it on level 7 of Tartarus)
 75262 | Tar:7    | Noticed an ancient lich
 75289 | Tar:7    | Killed an ancient lich
 75330 | Tar:7    | Identified the +1 ring mail of Marbles {MR+ Dex+4} (You
                  | found it on level 7 of Tartarus)
 75361 | Tar:7    | Identified the +7 double sword of the Extremely Mad {vamp,
                  | MR++ Stlth+} (You found it on level 7 of Tartarus)
 75371 | Tar:7    | Identified the +2 ring mail of Wesytame {Dex+2} (You found
                  | it on level 7 of Tartarus)
 75489 | Tar:7    | Reached skill level 27 in Dodging
 75559 | Tar:7    | Got a scintillating steel amulet
 75560 | Tar:7    | Identified the amulet of Cazagud {Faith Dex+8} (You found
                  | it on level 7 of Tartarus)
 75563 | Tar:7    | Got a wavering bronze ring
 75565 | Tar:7    | Identified the ring of Bucs {Dex+5 Slay+2} (You found it on
                  | level 7 of Tartarus)
 75662 | Tar:7    | Noticed Ereshkigal
 75687 | Tar:7    | Killed Ereshkigal
 76044 | Tar:7    | Got a bone rune of Zot
 76255 | Coc:1    | Entered Level 1 of Cocytus
 77162 | Coc:2    | Reached skill level 1 in Air Magic
 78237 | Coc:5    | Learned a level 6 spell: Deflect Missiles
 78391 | Coc:5    | Reached skill level 1 in Charms
 78391 | Coc:5    | Reached skill level 5 in Air Magic
 79012 | Coc:6    | Learned a level 5 spell: Aura of Abjuration
 79164 | Coc:7    | Entered Level 7 of Cocytus
 79393 | Coc:7    | Reached skill level 5 in Charms
 80261 | Coc:7    | Learned a level 6 spell: Darkness
 80454 | Coc:7    | Got an icy rune of Zot
 80455 | Coc:7    | Identified the +9 quarterstaff of the Imperium {crush, MR+}
 80455 | Coc:7    | Noticed Antaeus
 80487 | Coc:7    | Killed Antaeus
 80517 | Coc:7    | Found the +9 staff of Wucad Mu {channel}
 80524 | Coc:7    | Got an ivory arbalest
 80532 | Coc:7    | Gained mutation: Your magical capacity is low. (-10% MP)
                  | [mutagenic glow]
 80564 | Coc:7    | Lost mutation: Your muscles are strong. (Str +2) [mutagenic
                  | glow]
 80913 | Hell     | Learned a level 6 spell: Statue Form
 80919 | Hell     | Learned a level 3 spell: Portal Projectile
 80928 | Hell     | Identified the +5 arbalest of Lies {penet, Str+2} (You
                  | found it on level 7 of Cocytus)
 80990 | Pan      | Entered Pandemonium
 80994 | Pan      | Found an exit through the horrors of the Abyss.
 81473 | Pan      | Found a transporter.
 82073 | Pan      | Found a transporter.
 82078 | Pan      | Reached skill level 10 in Air Magic
 82155 | Pan      | Got an ichor-stained plate armour
 82158 | Pan      | Got a brightly glowing cloak
 82159 | Pan      | Identified the +4 plate armour of Poor Excuses {Int+5} (You
                  | found it in Pandemonium)
 82160 | Pan      | Identified the +2 cloak of the Mackerel {rC+ Str-2 Dex+8}
                  | (You found it in Pandemonium)
 82178 | Pan      | Got a bound jade amulet
 82179 | Pan      | Identified the amulet of Abaseog {Gourm rPois MR+ Int+4
                  | Stlth+} (You found it in Pandemonium)
 82206 | Pan      | Found an exit through the horrors of the Abyss.
 82312 | Pan      | Got a transparent scale mail
 82325 | Pan      | Identified the cursed +1 scale mail of the End {rN+ Slay+2
                  | SInv} (You found it in Pandemonium)
 82492 | Pan      | Noticed Nair the pandemonium lord
 82514 | Pan      | Killed Nair the pandemonium lord
 82864 | Pan      | Entered the realm of Gloorx Vloq.
 84095 | Pan      | Noticed Gloorx Vloq
 84812 | Pan      | Killed Gloorx Vloq
 84812 | Pan      | Reached skill level 15 in Spellcasting
 84851 | Pan      | Got a dark rune of Zot
 85000 | Pan      | Entered the realm of Mnoleg.
 85018 | Pan      | Noticed Mnoleg
 85030 | Pan      | Killed Mnoleg
 85034 | Pan      | Reached skill level 10 in Charms
 85077 | Pan      | Got a glowing rune of Zot
 85551 | Pan      | Noticed Rukoasmu the pandemonium lord
 85567 | Pan      | Killed Rukoasmu the pandemonium lord
 86111 | Pan      | Identified the Volume of Talismans
 86158 | Pan      | Lost mutation: You are very agile. (Dex +4) [potion of
                  | mutation]
 86158 | Pan      | Lost mutation: You have sharp toenails. [potion of
                  | mutation]
 86158 | Pan      | Gained mutation: You evolve. [potion of mutation]
 86158 | Pan      | Gained mutation: You have very sharp teeth. [potion of
                  | mutation]
 86178 | Pan      | Gained mutation: You passively map a small area around you.
                  | [evolution]
 86401 | Pan      | Entered the realm of Cerebov.
 86533 | Pan      | Identified the +6 sword of Cerebov {flame}
 86533 | Pan      | Noticed Cerebov
 86554 | Pan      | Killed Cerebov
 86589 | Pan      | Identified the ring "Lewietria" {EV+2 Str+6} (You found it
                  | in Pandemonium)
 86590 | Pan      | Identified the Volume of Transmigration
 86593 | Pan      | Identified the ring "Etzemou" {*Corrode rElec rPois Int+2
                  | Dex+5} (You found it in Pandemonium)
 86631 | Pan      | Got a fiery rune of Zot
 87013 | Pan      | Reached skill level 10 in Transmutations
 87388 | Pan      | Found an exit through the horrors of the Abyss.
 87602 | Pan      | Identified the Catalogue of Somewhere Else
 87621 | Pan      | Got an encrusted plate armour
 87632 | Pan      | Identified the +1 plate armour of the Soldier {rC+ Str+4
                  | Slay+3} (You found it in Pandemonium)
 87972 | Pan      | Gained mutation: Your magical capacity is very low. (-20%
                  | MP) [a cacodemon]
 88019 | Pan      | Noticed Cochirit the pandemonium lord
 88045 | Pan      | Killed Cochirit the pandemonium lord
 88157 | Pan      | Entered the realm of Lom Lobon.
 88531 | Pan      | Noticed Lom Lobon
 88547 | Pan      | Killed Lom Lobon
 88569 | Pan      | Got a magical rune of Zot
 88731 | Pan      | Found an exit through the horrors of the Abyss.
 89139 | Pan      | Reached skill level 1 in Summonings
 89153 | Pan      | Found an exit through the horrors of the Abyss.
 89330 | Pan      | Noticed Qirhipoh the pandemonium lord
 89345 | Pan      | Killed Qirhipoh the pandemonium lord
 89365 | Pan      | Learned a level 6 spell: Iron Shot
 89436 | Pan      | Learned a level 4 spell: Airstrike
 89599 | Pan      | Gained mutation: Armour fits poorly on your strangely
                  | shaped body. [a neqoxec]
 89875 | Pan      | Got a demonic rune of Zot
 90529 | Pan      | Noticed Midir the pandemonium lord
 90550 | Pan      | Killed Midir the pandemonium lord
 90639 | Pan      | Gained mutation: Your magical capacity is extremely low.
                  | (-30% MP) [a neqoxec]
 90754 | Pan      | Found an exit through the horrors of the Abyss.
 90809 | Pan      | Took an exit into the Abyss.
 90809 | Abyss:1  | Escaped into the Abyss
 90823 | Depths:4 | Escaped the Abyss
 90825 | Depths:4 | Lost mutation: Your magical capacity is extremely low.
                  | (-30% MP) [potion of mutation]
 90825 | Depths:4 | Lost mutation: You are mostly covered in iridescent scales.
                  | (AC +4) [potion of mutation]
 90825 | Depths:4 | Lost mutation: Armour fits poorly on your strangely shaped
                  | body. [potion of mutation]
 90825 | Depths:4 | Lost mutation: Your magical capacity is very low. (-20% MP)
                  | [potion of mutation]
 90825 | Depths:4 | Gained mutation: You are weak. (Str -2) [potion of
                  | mutation]
 90825 | Depths:4 | Gained mutation: Your system is resistant to poisons.
                  | (rPois) [potion of mutation]
 91213 | Tomb:1   | Entered Level 1 of the Tomb of the Ancients
 91386 | Tomb:1   | Reached skill level 5 in Summonings
 91860 | Tomb:1   | Noticed a greater mummy
 91875 | Tomb:1   | Killed a greater mummy
 91933 | Tomb:1   | Noticed a greater mummy
 91942 | Tomb:1   | Killed a greater mummy
 91952 | Tomb:1   | Noticed Sojobo
 91966 | Tomb:1   | Killed Sojobo
 92493 | Tomb:1   | Got a steaming lead ring
 92556 | Tomb:1   | Identified the ring "Ixzoinki" {Fire Dex+4} (You found it
                  | on level 1 of the Tomb of the Ancients)
 93209 | Geh:1    | Entered Level 1 of Gehenna
 94307 | Geh:2    | Found a burning altar of Makhleb.
 94822 | Geh:3    | You fall through a shaft!
 95531 | Geh:4    | Reached skill level 10 in Hexes
 95802 | Geh:2    | Learned a level 2 spell: Blink
 97841 | Geh:6    | Reached skill level 1 in Translocations
 98293 | Geh:7    | Entered Level 7 of Gehenna
 98639 | Geh:7    | Noticed the Serpent of Hell
 98651 | Geh:7    | Killed the Serpent of Hell
 99042 | Geh:7    | Found the +8 glaive of the Guard {elec, +Rage AC+5 SInv}
 99449 | Geh:7    | Identified the +7 sceptre of Asmodeus
 99449 | Geh:7    | Noticed Asmodeus
 99471 | Geh:7    | Killed Asmodeus
 99559 | Geh:7    | Got an obsidian rune of Zot
 99567 | Geh:7    | Gained mutation: You are surrounded by a mild repulsion
                  | field. (EV +2) [evolution]
 99918 | Dis:1    | Entered Level 1 of the Iron City of Dis
101088 | Dis:2    | Reached skill level 1 in Conjurations
101505 | Dis:2    | Gained mutation: Your magical capacity is very low. (-20%
                  | MP) [mutagenic glow]
102298 | Dis:3    | Reached skill level 5 in Conjurations
102625 | Dis:4    | Reached skill level 15 in Earth Magic
104920 | Dis:7    | Entered Level 7 of the Iron City of Dis
105006 | Dis:7    | Learned a level 9 spell: Fire Storm
105190 | Dis:7    | Reached skill level 1 in Fire Magic
105556 | Dis:7    | Reached skill level 10 in Conjurations
105560 | Dis:7    | Identified the cursed +0 crystal plate armour of Fedhas's
                  | Benevolence {Int+4} (You found it on level 7 of the Iron
                  | City of Dis)
105580 | Dis:7    | Got a faintly glowing crystal amulet
105581 | Dis:7    | Identified the amulet "Opaoma" {+Rage rPois} (You found it
                  | on level 7 of the Iron City of Dis)
105845 | Dis:7    | Identified the Handbook of Companions and the Birds
105864 | Dis:7    | Got a coiled garnet amulet
105867 | Dis:7    | Identified the Reference Book on Creative Boosts
106177 | Dis:7    | Reached skill level 5 in Fire Magic
106280 | Dis:7    | Identified the +4 staff of Dispater
106280 | Dis:7    | Noticed Dispater
106301 | Dis:7    | Killed Dispater
106350 | Dis:7    | Got an iron rune of Zot
106684 | Hell     | Learned a level 8 spell: Ignition
106816 | D:13     | Bought a scroll of identify for 28 gold pieces
106816 | D:13     | Bought a scroll of identify for 28 gold pieces
106816 | D:13     | Bought a scroll of identify for 28 gold pieces
106816 | D:13     | Bought a scroll of identify for 28 gold pieces
106817 | D:13     | Identified the amulet "Buvakorgh" {RegenMP *Contam Str+5}
                  | (You found it on level 7 of the Iron City of Dis)
106822 | D:13     | Lost mutation: Your magical capacity is very low. (-20% MP)
                  | [potion of mutation]
106822 | D:13     | Lost mutation: Your system is resistant to poisons. (rPois)
                  | [potion of mutation]
106822 | D:13     | Lost mutation: Your magical capacity is low. (-10% MP)
                  | [potion of mutation]
106822 | D:13     | Gained mutation: Your skin changes colour to match your
                  | surroundings (Stealth+). [potion of mutation]
106822 | D:13     | Gained mutation: Potions are less effective at restoring
                  | your health. [potion of mutation]
106822 | D:13     | Gained mutation: Your flesh is cold resistant. (rC+)
                  | [potion of mutation]
107250 | Tomb:2   | Noticed a greater mummy
107266 | Tomb:2   | Noticed a greater mummy
107266 | Tomb:2   | Noticed a greater mummy
107408 | Tomb:2   | Noticed a greater mummy
107970 | Tomb:2   | Identified the Papyrus of Snow
108082 | Tomb:2   | Killed a greater mummy
108100 | Tomb:2   | Killed a greater mummy
108117 | Tomb:2   | Killed a greater mummy
108263 | Tomb:2   | Killed a greater mummy
108315 | Tomb:2   | Identified the Papyrus of Toxins and Changing (You acquired
                  | it on level 2 of the Tomb of the Ancients)
108818 | Tomb:1   | Noticed a greater mummy
108821 | Tomb:1   | Noticed a greater mummy
108826 | Tomb:1   | Killed a greater mummy
108834 | Tomb:1   | Killed a greater mummy
108835 | Tomb:1   | Noticed a greater mummy
108847 | Tomb:1   | Killed a greater mummy
108869 | Tomb:1   | Noticed a greater mummy
108874 | Tomb:1   | Killed a greater mummy
108894 | Tomb:1   | Noticed a greater mummy
108894 | Tomb:1   | Noticed a greater mummy
108894 | Tomb:1   | Noticed a greater mummy
108896 | Tomb:1   | Killed a greater mummy
108900 | Tomb:1   | Killed a greater mummy
108904 | Tomb:1   | Noticed a greater mummy
108905 | Tomb:1   | Killed a greater mummy
108915 | Tomb:1   | Killed a greater mummy
108983 | Tomb:1   | Noticed a greater mummy
108988 | Tomb:1   | Killed a greater mummy
109023 | Tomb:1   | Noticed a greater mummy
109047 | Tomb:1   | Killed a greater mummy
109074 | Tomb:1   | Noticed a greater mummy
109082 | Tomb:1   | Killed a greater mummy
109088 | Tomb:1   | Noticed a greater mummy
109096 | Tomb:1   | Killed a greater mummy
109213 | Tomb:1   | Noticed a greater mummy
109242 | Tomb:1   | Killed a greater mummy
109369 | Tomb:1   | Noticed a greater mummy
109379 | Tomb:1   | Killed a greater mummy
109520 | Tomb:1   | Noticed a greater mummy
109527 | Tomb:1   | Killed a greater mummy
109560 | Tomb:1   | Noticed a greater mummy
109572 | Tomb:1   | Killed a greater mummy
109576 | Tomb:1   | Noticed a greater mummy
109586 | Tomb:1   | Killed a greater mummy
109636 | Tomb:1   | Noticed a greater mummy
109638 | Tomb:1   | Noticed a greater mummy
109639 | Tomb:1   | Noticed a greater mummy
109644 | Tomb:1   | Noticed a greater mummy
109649 | Tomb:1   | Killed a greater mummy
109656 | Tomb:1   | Killed a greater mummy
109664 | Tomb:1   | Killed a greater mummy
109670 | Tomb:1   | Killed a greater mummy
109701 | Tomb:1   | Noticed a greater mummy
109721 | Tomb:1   | Killed a greater mummy
109839 | Tomb:1   | Noticed a greater mummy
109847 | Tomb:1   | Killed a greater mummy
110642 | Pan      | Entered Pandemonium
110859 | Pan      | Found an exit through the horrors of the Abyss.
111230 | Pan      | Noticed Fefod the pandemonium lord
111244 | Pan      | Killed Fefod the pandemonium lord
111457 | Pan      | Reached skill level 10 in Fire Magic
111593 | Pan      | Cast into level 2 of the Abyss (+0 demon blade of
                  | distortion)
111654 | Pan      | Escaped the Abyss
111654 | Pan      | Noticed Zarchowai the pandemonium lord
112438 | Pan      | Gained mutation: You rapidly evolve. [evolution]
112763 | Pan      | Killed Zarchowai the pandemonium lord
112947 | Pan      | Gained mutation: You occasionally shout uncontrollably at
                  | your foes. [a neqoxec]
112983 | Pan      | Noticed Zuaf the pandemonium lord
112991 | Pan      | Killed Zuaf the pandemonium lord
113037 | Pan      | Got a steaming silver ring
113154 | Pan      | Found an exit through the horrors of the Abyss.
113278 | Pan      | Identified the ring "Foosus" {rF+ Str+2 Int+2 Dex+2} (You
                  | found it in Pandemonium)
113393 | Pan      | Gained mutation: Scrolls take you a little longer to read.
                  | [a neqoxec]
113448 | Pan      | Lost mutation: Scrolls take you a little longer to read.
                  | [potion of mutation]
113448 | Pan      | Lost mutation: You occasionally shout uncontrollably at
                  | your foes. [potion of mutation]
113448 | Pan      | Lost mutation: You are surrounded by a mild repulsion
                  | field. (EV +2) [potion of mutation]
113448 | Pan      | Lost mutation: You are partially covered in iridescent
                  | scales. (AC +2) [potion of mutation]
113448 | Pan      | Gained mutation: You can translocate small distances at
                  | will. [potion of mutation]
113710 | Pan      | Identified the +0 large shield "Puxaemir" {Str+3 Dex+3}
113754 | Pan      | Found a glowing silver altar of Zin.
114512 | Pan      | Found a white marble altar of Elyvilon.
114592 | Pan      | Identified the +0 large shield of Midsummer {*Contam rN+
                  | Regen+ Int+9}
115726 | Pan      | Identified the +5 hand axe "Tiyvaj" {flame, rC+}
115774 | Pan      | Found a glowing golden altar of the Shining One.
115774 | Pan      | Noticed a seraph
115793 | Pan      | Killed a seraph
115793 | Pan      | Reached skill level 15 in Conjurations
115822 | Pan      | Identified the Compendium of Weightlessness and
                  | Transmutation
115854 | Pan      | Identified the +0 cloak "Ytate" {rPois rCorr Str+9 Stlth-}
                  | (You found it in Pandemonium)
116114 | Pan      | Noticed Hisosh the pandemonium lord
116127 | Pan      | Killed Hisosh the pandemonium lord
116906 | Pan      | Found an exit through the horrors of the Abyss.
117542 | Pan      | Found an exit through the horrors of the Abyss.
117812 | Pan      | Noticed Miocuwn the pandemonium lord
117825 | Pan      | Killed Miocuwn the pandemonium lord
118018 | Pan      | Lost mutation: You are weak. (Str -2) [evolution]
118391 | Pan      | Found an exit through the horrors of the Abyss.
118535 | Pan      | Noticed Weolitzo the pandemonium lord
118542 | Pan      | Killed Weolitzo the pandemonium lord
119131 | Pan      | Noticed Tolacw the pandemonium lord
119151 | Pan      | Killed Tolacw the pandemonium lord
119209 | Pan      | Found an exit through the horrors of the Abyss.
120022 | Pan      | Noticed Neupat the pandemonium lord
120030 | Pan      | Killed Neupat the pandemonium lord
120460 | Depths:1 | Escaped Pandemonium
121165 | Tomb:3   | Entered Level 3 of the Tomb of the Ancients
121255 | Tomb:3   | Noticed a greater mummy
121625 | Tomb:3   | Noticed a greater mummy
121625 | Tomb:3   | Noticed a greater mummy
121630 | Tomb:3   | Noticed a greater mummy
121631 | Tomb:3   | Noticed a greater mummy
121632 | Tomb:3   | Noticed a greater mummy
121962 | Tomb:3   | Killed a greater mummy
122049 | Tomb:3   | Noticed a greater mummy
122052 | Tomb:3   | Noticed a greater mummy
122063 | Tomb:3   | Killed a greater mummy
122067 | Tomb:3   | Killed a greater mummy
122077 | Tomb:3   | Noticed a greater mummy
122083 | Tomb:3   | Killed a greater mummy
122101 | Tomb:3   | Killed a greater mummy
122101 | Tomb:3   | Reached skill level 15 in Fire Magic
122115 | Tomb:3   | Killed a greater mummy
122127 | Tomb:3   | Killed a greater mummy
122135 | Tomb:3   | Killed a greater mummy
122146 | Tomb:3   | Killed a greater mummy
122234 | Tomb:3   | Got a coiled diamond amulet
122528 | Tomb:3   | Got a golden rune of Zot
122554 | Tomb:3   | Identified the +1 pair of gloves of Dogma {Str+4} (You
                  | found it on level 3 of the Tomb of the Ancients)
122606 | Tomb:3   | Identified the +1 leather armour of Uti Dosa {Dex+3} (You
                  | found it on level 3 of the Tomb of the Ancients)
122607 | Tomb:3   | Identified the amulet of Discretion {Gourm MP+9 Int+4
                  | Dex+2} (You found it on level 3 of the Tomb of the
                  | Ancients)
123120 | Depths:3 | Bought a leatherbound book for 675 gold pieces
123208 | Pan      | Entered Pandemonium
123311 | Pan      | Found an exit through the horrors of the Abyss.
123345 | Pan      | Noticed Xint the pandemonium lord
123375 | Pan      | Killed Xint the pandemonium lord
123910 | Pan      | Found an exit through the horrors of the Abyss.
123970 | Pan      | Noticed Matik the pandemonium lord
123979 | Pan      | Killed Matik the pandemonium lord
124404 | Pan      | Gained mutation: Armour fits poorly on your strangely
                  | shaped body. [a neqoxec]
124412 | Pan      | Lost mutation: Armour fits poorly on your strangely shaped
                  | body. [potion of mutation]
124412 | Pan      | Lost mutation: You can translocate small distances at will.
                  | [potion of mutation]
124412 | Pan      | Lost mutation: You often lose your temper in combat.
                  | [potion of mutation]
124412 | Pan      | Lost mutation: You are agile. (Dex +2) [potion of mutation]
124412 | Pan      | Lost mutation: You tend to lose your temper in combat.
                  | [potion of mutation]
124412 | Pan      | Gained mutation: Your muscles are strong. (Str +2) [potion
                  | of mutation]
124852 | Pan      | Found an exit through the horrors of the Abyss.
125074 | Pan      | Noticed Xaixuat the pandemonium lord
125094 | Pan      | Killed Xaixuat the pandemonium lord
125497 | Pan      | Found a runed translucent door.
125500 | Pan      | Found a runed translucent door.
125506 | Pan      | Found a runed translucent door.
125517 | Pan      | Found a runed translucent door.
125519 | Pan      | Noticed Teunack the pandemonium lord
125531 | Pan      | Killed Teunack the pandemonium lord
125561 | Pan      | Identified Vehumet's Compendium of Attacks
125628 | Pan      | Found an exit through the horrors of the Abyss.
125687 | Pan      | Gained mutation: You are dopey. (Int -2) [a neqoxec]
125741 | Pan      | Gained mutation: Your body sometimes deteriorates upon
                  | taking damage. [a cacodemon]
125746 | Pan      | Gained mutation: You occasionally shout uncontrollably at
                  | your foes. [a cacodemon]
126057 | Pan      | Gained mutation: Your magical capacity is low. (-10% MP) [a
                  | neqoxec]
126180 | Pan      | Lost mutation: Your body sometimes deteriorates upon taking
                  | damage. [potion of mutation]
126180 | Pan      | Lost mutation: Your magical capacity is low. (-10% MP)
                  | [potion of mutation]
126180 | Pan      | Lost mutation: You passively map a small area around you.
                  | [potion of mutation]
126180 | Pan      | Gained mutation: Your spells are a little harder to cast,
                  | but a little more powerful. [potion of mutation]
126499 | Pan      | Lost mutation: You are dopey. (Int -2) [potion of mutation]
126499 | Pan      | Lost mutation: You occasionally shout uncontrollably at
                  | your foes. [potion of mutation]
126499 | Pan      | Lost mutation: You rapidly evolve. [potion of mutation]
126499 | Pan      | Gained mutation: You are partially covered in molten
                  | scales. (AC +2) [potion of mutation]
126646 | Pan      | Found an exit through the horrors of the Abyss.
126667 | Pan      | Noticed Lihal the pandemonium lord
126689 | Pan      | Killed Lihal the pandemonium lord
126830 | Pan      | Identified the +2 robe of Zitick {*Drain rF- rN+ Int+6}
                  | (You found it in Pandemonium)
126979 | Pan      | Identified the cursed +0 plate armour "Yfuos Xilull" {rN+}
                  | (You found it in Pandemonium)
127018 | Pan      | Identified the +10 chain mail of Zubromio {rCorr} (You
                  | found it in Pandemonium)
127300 | Pan      | Noticed Fojotamn the pandemonium lord
127316 | Pan      | Killed Fojotamn the pandemonium lord
127335 | Pan      | Identified the +5 chain mail "Koddegh" {rF+ Str+3} (You
                  | found it in Pandemonium)
127473 | Pan      | Found a runed translucent door.
127479 | Pan      | Found a runed translucent door.
127483 | Pan      | Found a runed translucent door.
127487 | Pan      | Noticed Jiatefoo the pandemonium lord
127491 | Pan      | Killed Jiatefoo the pandemonium lord
127509 | Pan      | Found a runed translucent door.
127758 | Pan      | Found an exit through the horrors of the Abyss.
128078 | Pan      | Took an exit into the Abyss.
128078 | Abyss:1  | Escaped into the Abyss
128376 | Abyss:2  | Noticed an ancient lich
128385 | Abyss:2  | Killed an ancient lich
128389 | Depths:3 | Escaped the Abyss
128434 | Depths:3 | Learned a level 8 spell: Controlled Blink
128440 | Zig:1    | Entered Level 1 of a ziggurat
128453 | Zig:2    | Entered Level 2 of a ziggurat
128466 | Zig:3    | Entered Level 3 of a ziggurat
128498 | Zig:4    | Entered Level 4 of a ziggurat
128543 | Zig:5    | Entered Level 5 of a ziggurat
128543 | Zig:5    | Found the +3 robe of Folly {Archmagi, MR-- Int+5}
128569 | Zig:5    | Got a bound platinum amulet
128570 | Zig:5    | Identified the amulet "Caopna Zaq" {Spirit Str+2} (You
                  | found it on level 5 of a ziggurat)
128587 | Zig:6    | Entered Level 6 of a ziggurat
128611 | Zig:6    | Identified Fuaczom's Papyrus of Harmful Darkness
128621 | Zig:6    | Identified the cursed +0 leather armour of Sloth {rPois}
                  | (You found it on level 6 of a ziggurat)
128627 | Zig:7    | Entered Level 7 of a ziggurat
128743 | Zig:8    | Entered Level 8 of a ziggurat
128785 | Zig:9    | Entered Level 9 of a ziggurat
128832 | Zig:10   | Entered Level 10 of a ziggurat
129010 | Zig:11   | Entered Level 11 of a ziggurat
129036 | Zig:11   | Identified the Guide on the Birds and Talismans
129047 | Zig:11   | Identified Nounuip's Papyrus of Summoning and the Mountains
129097 | Zig:12   | Entered Level 12 of a ziggurat
129195 | Zig:13   | Entered Level 13 of a ziggurat
129200 | Zig:13   | Noticed a greater mummy
129201 | Zig:13   | Noticed a greater mummy
129203 | Zig:13   | Noticed a greater mummy
129203 | Zig:13   | Noticed a greater mummy
129204 | Zig:13   | Noticed a greater mummy
129207 | Zig:13   | Killed a greater mummy
129207 | Zig:13   | Killed a greater mummy
129207 | Zig:13   | Killed a greater mummy
129209 | Zig:13   | Killed a greater mummy
129210 | Zig:13   | Killed a greater mummy
129226 | Zig:13   | Found the +8 whip "Snakebite" {curare, rPois}
129230 | Zig:13   | Identified the ring "Izxiewac" {Str+4 Int+3 Dex+2 Stlth+}
                  | (You found it on level 13 of a ziggurat)
129233 | Zig:13   | Identified the ring "Boff" {rF++ Dex+4} (You found it on
                  | level 13 of a ziggurat)
129234 | Zig:13   | Identified Yvvyeli's Reference Book on Companions and
                  | Talismans
129244 | Zig:13   | Identified the ring "Suepp" {Int+4 Dex-2 SInv Stlth+} (You
                  | found it on level 13 of a ziggurat)
129306 | Zig:14   | Entered Level 14 of a ziggurat
129349 | Zig:14   | Identified the Incunabulum of Spatial Damage Dealing
129365 | Zig:14   | Identified the amulet of Beugonus {Acrobat Int+4} (You
                  | found it on level 14 of a ziggurat)
129483 | Zig:15   | Entered Level 15 of a ziggurat
129542 | Zig:15   | Identified Geuhesiboz's Compendium of the Venomous
                  | Traveller
129548 | Zig:15   | Identified the ring of the Enemy {EV+4 SInv} (You found it
                  | on level 15 of a ziggurat)
129552 | Zig:15   | Identified the ring "Rutuinty" {rN+ MR+ AC+4 Str-5 Dex+4}
                  | (You found it on level 15 of a ziggurat)
129569 | Zig:16   | Entered Level 16 of a ziggurat
129641 | Zig:16   | Got a wavering lapis lazuli ring
129643 | Zig:16   | Identified the ring of Temptation {Ice Str-2 Dex+5 Stlth+}
                  | (You found it on level 16 of a ziggurat)
129657 | Zig:16   | Identified the +1 leather armour "Uxaug" {rC+ Str+3 Dex+4
                  | Slay-5} (You found it on level 16 of a ziggurat)
129664 | Zig:16   | Identified the +6 scale mail of the Orcish Mines {Int+4
                  | Stlth+} (You found it on level 16 of a ziggurat)
129667 | Zig:16   | Identified the +9 chain mail "Gymnun" {rPois Int+2 Dex+3}
                  | (You found it on level 16 of a ziggurat)
129674 | Zig:17   | Entered Level 17 of a ziggurat
129685 | Zig:17   | Gained mutation: Your body sometimes deteriorates upon
                  | taking damage. [a cacodemon]
129754 | Zig:17   | Identified the ring "Nasitini" {MP+9 Str+5 Int-2 Dex+8
                  | Stlth+} (You found it on level 17 of a ziggurat)
129764 | Zig:17   | Identified the amulet of Moxy {Reflect Str+3 SH+5} (You
                  | found it on level 17 of a ziggurat)
129775 | Zig:17   | Identified the +0 leather armour of Objectivity {*Corrode
                  | rPois rF+ Dex+4} (You found it on level 17 of a ziggurat)
129783 | Zig:18   | Entered Level 18 of a ziggurat
129965 | Zig:18   | Identified the Grimoire of Protection and Poison
129968 | Zig:18   | Identified the cursed -2 pair of gloves of the Planets
                  | {*Drain +Blink rCorr Str-2} (You found it on level 18 of a
                  | ziggurat)
129979 | Zig:18   | Identified the Almanac of Frigorific Air
129985 | Zig:18   | Identified Sorcery Continued
130013 | Zig:19   | Entered Level 19 of a ziggurat
130137 | Zig:19   | Identified the Compendium of Shifting Benedictions
130166 | Zig:20   | Entered Level 20 of a ziggurat
130178 | Zig:20   | Noticed a juggernaut
130182 | Zig:20   | Noticed a juggernaut
130183 | Zig:20   | Noticed a juggernaut
130188 | Zig:20   | Killed a juggernaut
130188 | Zig:20   | Killed a juggernaut
130188 | Zig:20   | Killed a juggernaut
130238 | Zig:20   | Identified Sif Muna's Guide on Flying Darkness
130240 | Zig:20   | Identified the +0 pair of boots "Akyos" {*Drain rN+++
                  | Int+5} (You found it on level 20 of a ziggurat)
130251 | Zig:20   | Identified the ring "Sadghozou" {rPois Dex+2} (You found it
                  | on level 20 of a ziggurat)
130358 | Zig:21   | Entered Level 21 of a ziggurat
130371 | Zig:21   | Noticed an ancient lich
130372 | Zig:21   | Noticed an ancient lich
130376 | Zig:21   | Killed an ancient lich
130380 | Zig:21   | Killed an ancient lich
130406 | Zig:21   | Found the +12 glaive of Prune {chop}
130536 | Zig:22   | Entered Level 22 of a ziggurat
130728 | Zig:22   | Identified the Disquisition on Lightness and Cold
130745 | Zig:22   | Identified the +9 ice dragon scales of Huady {rElec rF-
                  | rC++ rN+++ Int-2 Stlth+} (You found it on level 22 of a
                  | ziggurat)
130815 | Zig:23   | Entered Level 23 of a ziggurat
130826 | Zig:23   | Noticed a greater mummy
130826 | Zig:23   | Noticed a greater mummy
130826 | Zig:23   | Noticed a greater mummy
130830 | Zig:23   | Noticed a greater mummy
130831 | Zig:23   | Noticed a greater mummy
130832 | Zig:23   | Noticed a greater mummy
130833 | Zig:23   | Killed a greater mummy
130834 | Zig:23   | Killed a greater mummy
130835 | Zig:23   | Killed a greater mummy
130836 | Zig:23   | Noticed a greater mummy
130836 | Zig:23   | Noticed a greater mummy
130837 | Zig:23   | Killed a greater mummy
130837 | Zig:23   | Killed a greater mummy
130837 | Zig:23   | Noticed a greater mummy
130840 | Zig:23   | Killed a greater mummy
130841 | Zig:23   | Killed a greater mummy
130845 | Zig:23   | Killed a greater mummy
130849 | Zig:23   | Killed a greater mummy
130892 | Zig:23   | Identified the +4 chain mail of Submission {*Corrode Dex+7
                  | Stlth+} (You found it on level 23 of a ziggurat)
130957 | Zig:23   | Learned a level 8 spell: Necromutation
130982 | Zig:24   | Entered Level 24 of a ziggurat
131168 | Zig:24   | Identified the Incunabulum of Creative Changing
131171 | Zig:24   | Identified the Almanac of the Moth
131191 | Zig:24   | Identified the +8 executioner's axe of the Six Planets
                  | {elec, *Corrode rElec rPois} (You found it on level 24 of a
                  | ziggurat)
131210 | Zig:25   | Entered Level 25 of a ziggurat
131221 | Zig:25   | Noticed Vemm the pandemonium lord
131224 | Zig:25   | Noticed Irphets the pandemonium lord
131225 | Zig:25   | Noticed Syureps the pandemonium lord
131225 | Zig:25   | Noticed Napse the pandemonium lord
131226 | Zig:25   | Noticed Vorutrul the pandemonium lord
131227 | Zig:25   | Noticed Liommoat the pandemonium lord
131227 | Zig:25   | Paralysed by Vemm for 4 turns
131227 | Zig:25   | Noticed Puseup the pandemonium lord
131230 | Zig:25   | Noticed Cacwun the pandemonium lord
131232 | Zig:25   | Noticed Istataubus the pandemonium lord
131233 | Zig:25   | Noticed Jieqypho the pandemonium lord
131235 | Zig:25   | Noticed Leuceps the pandemonium lord
131235 | Zig:25   | Noticed Xieppy the pandemonium lord
131235 | Zig:25   | Noticed Xaximat the pandemonium lord
131236 | Zig:25   | Noticed Xefukh the pandemonium lord
131237 | Zig:25   | Paralysed by Vemm for 4 turns
131237 | Zig:25   | Noticed Locaew the pandemonium lord
131239 | Zig:25   | HP: 10/354 [Irphets the pandemonium lord (23)]
131240 | Zig:25   | Demolished by Vemm the pandemonium lord

Skill      XL: |  1  2  3  4  5  6  7  8  9 10 11 12 13 14 15 16 17 18 19 20 21 22 23 24 25 26 27 |
---------------+----------------------------------------------------------------------------------+-----
Shields        | 4 5 6 8 9 10 11 13 15 17 21 22 23 27 | 27.0
Maces & Flails | 3 4 5 6 7 8 9 11 13 14 17 | 17.3
Fighting       | 4 5 6 7 9 10 11 12 14 15 16 17 18 19 20 21 22 24 25 27 | 27.0
Dodging        | 1 2 3 4 5 6 7 10 11 13 14 15 16 17 18 19 27 | 27.0
Armour         | 4 5 6 7 8 9 11 13 14 15 17 18 19 20 21 23 25 27 | 27.0
Invocations    | 1 4 5 7 8 10 11 12 13 14 15 16 17 18 | 18.5
Spellcasting   | 7 26 | 26.5
Hexes          | 8 12 | 12.8
Necromancy     | 9 13 | 13.3
Throwing       | 6 19 | 19.8
Poison Magic   | 4 9 |  9.4
Slings         | 14 | 14.9
Earth Magic    | 16 | 16.3
Transmutations | 13 | 13.3
Long Blades    | 12 | 12.3
Air Magic      | 13 | 13.3
Charms         | 11 | 11.6
Summonings     | 8 |  8.9
Translocations | 8 |  8.4
Conjurations   | 21 | 21.7
Fire Magic     | 20 | 20.5

Action                   |  1- 3 |  4- 6 |  7- 9 | 10-12 | 13-15 | 16-18 | 19-21 | 22-24 | 25-27 || total
-------------------------+-------+-------+-------+-------+-------+-------+-------+-------+-------++-------
Melee: Flail             |   103 |    77 |       |   267 |  1425 |  1796 |  1985 |  2279 |   385 ||  8317
       Headbutt          |    14 |    22 |    53 |   134 |   343 |   388 |   672 |   943 |  5866 ||  8435
       Whip              |       |    49 |   153 |       |       |       |       |       |       ||   202
       Morningstar       |       |       |   225 |   288 |       |       |       |       |       ||   513
       Unarmed           |       |       |       |     9 |       |       |       |       |     7 ||    16
       Eveningstar       |       |       |       |       |       |       |       |       |   671 ||   671
       Sacred scourge    |       |       |       |       |       |       |       |       |  4203 ||  4203
       Eudemon blade     |       |       |       |       |       |       |       |       | 10455 || 10455
       Bite              |       |       |       |       |       |       |       |       |  1528 ||  1528
Throw: Throwing net      |       |       |     1 |       |       |       |     2 |       |     2 ||     5
 Cast: Spectral Weapon   |       |       |       |       |       |       |       |       |    95 ||    95
       Ignition          |       |       |       |       |       |       |       |       |    57 ||    57
       Airstrike         |       |       |       |       |       |       |       |       |    48 ||    48
       Regeneration      |       |       |       |       |       |       |       |       |    41 ||    41
       Aura of Abjuratio |       |       |       |       |       |       |       |       |    23 ||    23
       Silence           |       |       |       |       |       |       |       |       |    15 ||    15
       Iron Shot         |       |       |       |       |       |       |       |       |    14 ||    14
       Statue Form       |       |       |       |       |       |       |       |       |    13 ||    13
       Deflect Missiles  |       |       |       |       |       |       |       |       |    11 ||    11
       Blink             |       |       |       |       |       |       |       |       |     9 ||     9
       Darkness          |       |       |       |       |       |       |       |       |     8 ||     8
       Passwall          |       |       |       |       |       |       |       |       |     6 ||     6
       Portal Projectile |       |       |       |       |       |       |       |       |     2 ||     2
       Necromutation     |       |       |       |       |       |       |       |       |     1 ||     1
Invok: Lesser Servant of |       |       |     1 |     1 |     2 |       |     6 |     3 |     1 ||    14
       Greater Servant o |       |       |       |       |     4 |    17 |    20 |    15 |    24 ||    80
       Major Destruction |       |       |       |       |       |       |       |       |     2 ||     2
 Abil: Evoke Berserk Rag |       |     2 |     3 |     5 |       |       |       |       |       ||    10
       Evoke Flight      |       |       |       |       |       |       |       |     1 |       ||     1
       End Transformatio |       |       |       |       |       |       |       |       |     1 ||     1
Evoke: Wand              |       |       |     1 |     2 |    10 |     2 |     3 |     2 |    32 ||    52
       Lamp of fire      |       |       |       |       |     3 |     3 |     1 |     3 |    15 ||    25
       Phantom mirror    |       |       |       |       |       |       |       |       |     1 ||     1
  Use: Potion            |       |     8 |       |     3 |     5 |     9 |    10 |     1 |   103 ||   139
       Scroll            |       |     9 |     6 |    15 |    19 |    17 |    13 |    15 |   160 ||   254
 Stab: Confused          |       |       |       |     1 |     3 |     1 |     4 |     1 |     3 ||    13
       Petrified         |       |       |       |       |     2 |       |       |       |       ||     2
       Distracted        |       |       |       |       |     3 |    10 |    12 |    13 |    48 ||    86
       Sleeping          |       |       |       |       |       |       |       |     1 |     6 ||     7
       Invisible         |       |       |       |       |       |       |       |       |     6 ||     6
       Paralysed         |       |       |       |       |       |       |       |       |     2 ||     2
  Eat: Chunk             |     1 |     1 |     8 |    13 |    14 |    22 |    14 |     7 |    20 ||   100
       Ration            |       |     2 |     2 |     4 |     3 |     4 |     5 |     8 |    85 ||   113
Armor: Chain mail        |    55 |    59 |   144 |    54 |       |       |       |       |       ||   312
       Scale mail        |     7 |       |       |    65 |   349 |   443 |   315 |     2 |       ||  1181
       Skin              |       |     5 |       |     1 |       |       |       |       |    85 ||    91
       Plate armour      |       |       |       |       |       |       |       |   376 |       ||   376
       Ring mail         |       |       |       |       |       |       |       |    71 |   380 ||   451
       Crystal plate arm |       |       |       |       |       |       |       |       |  1426 ||  1426
Dodge: Dodged            |    26 |    35 |   105 |   146 |   478 |   819 |   817 |  1028 |  5654 ||  9108
       Deflected         |       |       |       |       |       |       |       |       |   111 ||   111
Block: Shield            |    63 |    89 |   272 |   308 |  1036 |  1306 |  1304 |  1468 |  1241 ||  7087
       Large shield      |       |       |       |       |       |       |       |   289 | 14012 || 14301
       Rpst.: Eudemon blade |       |       |       |       |       |       |       |       |   546 ||   546
